Workbook

Sheet 09-2018
B1: SND | D1: SNA | I1: STA | M1: TIP | N1: FONDERIE | O1: PHENICIA | P1: HEMP | R1: Z I | S1: ALPHA
B2: STB | C2: STB MEG | D2: BTK | E2: STB | F2: STB MEG | G2: EURO MEG | H2: $ MEG | I2: STB MEG | J2: STB TH | K2: EURO MEG | L2: $ MEG | M2: STB MEG | N2: STB | O2: STB | P2: STB | Q2: EURO MEG | R2: STB | S2: STB
A3: SOLDE au 06/09/2018 | B3: 11594.144 | C3: -35897.835 | D3: 953.187 | E3: 12919.218 | F3: -2700331.3 | G3: 142061.08 | H3: 146.86 | I3: -561751.98 | J3: 7139.174 | K3: 126.5 | L3: 97014.49 | M3: 252765.31 | N3: 607.692 | O3: 22812.252 | P3: -146858.53 | Q3: 27478.32 | R3: 3240.974 | S3: -1222.13
A4: EN COURS | B4: =SUM(B5:B8) -> 0 | C4: =SUM(C5:C8) -> 277414.14 | D4: =SUM(D5:D8) -> 0 | E4: =SUM(E5:E8) -> 0 | F4: =SUM(F5:F8) -> 262500 | G4: =SUM(G5:G8) -> 0 | H4: =SUM(H5:H8) -> 0 | I4: =SUM(I5:I8) -> 0 | ... P4: =SUM(P5:P8) -> 0 | Q4: =SUM(R5:R8) -> 0 | R4: =SUM(S5:S8) -> 0 | S4: =SUM(T5:T8) -> 0
A5: Cheque | C5: =29766.094+90823.554+50118.75 -> 170708.4 | F5: =200000+62500 -> 262500
A6: Escompte | C6: =50700.896+56004.8479999999 -> 106705.74
A7: Espece
A8: Virement
A9: Previsions | B9: =B10+B11+B12+B13+B14 -> 0 | C9: =C10+C11+C12+C13+C14 -> 263373 | D9: =D10+D11+D13+D14+D22+D29 -> 0 | E9: =E10+E11+E12+E13+E14 -> 0 | F9: =F14+F10+F11+F12+F13 -> 950000 | G9: =G14 -> 120110.52 | H9: =H15+H16+H17+H19+H20+H22 -> 0 | I9: =I10+I11+I13+I14+I22+I29+I26+I12 -> 260800 | J9: =J10+J11+J13+J14+J22+J29+J26 -> 0 | K9: =K10+K11+K13+K14+K22+K29 -> 48235 | L9: =L10+L11+L13+L14+L22+L29 -> 0 | M9: =M10+M11+M13+M14+M22+M29 -> 0 | N9: =N10+N11+N13+N14+N22+N29 -> 0 | O9: =O10+O11+O13+O14+O22+O29 -> 0 | P9: =P10+P11+P13+P14+P22+P29 -> 0 | Q9: =Q10+Q11+Q13+Q14+Q22+Q29 -> 0 | R9: =R10+R11+R13+R14+R22+R29 -> 0 | S9: =S10+S11+S13+S14+S22+S29 -> 0
A10: Cheque | C10: =+CT!E254 -> 43373 | E10: =B58 -> 0 | F10: 950000 | I10: =C56 -> 150000 | J10: =B56 -> 0 | M10: =E62+F62 -> 0 | N10: =E60 -> 0 | P10: =F61 -> 0
A11: Espece | C11: 120000
A12: AGENCE | C12: 100000
A13: Escompte | C13: =+TR!D105 -> 0
A14: Virement | B14: 0 | C14: 0 | D14: =SUM(D15:D20) -> 0 | E14: =SUM(E15:E29) -> 0 | F14: =SUM(F15:F29) -> 0 | G14: =SUM(G15:G22) -> 120110.52 | H14: =SUM(H15:H22) -> 0 | I14: =SUM(I15:I29) -> 110800 | J14: =SUM(J15:J29) -> 0 | K14: =SUM(K15:K29) -> 48235 | L14: =SUM(L15:L20) -> 0 | M14: =SUM(M15:M20) -> 0 | N14: =SUM(N15:N20) -> 0 | O14: =SUM(O15:O20) -> 0 | P14: =SUM(P15:P20) -> 0 | Q14: =SUM(Q15:Q29) -> 0 | R14: =SUM(R15:R20) -> 0 | S14: =SUM(S15:S20) -> 0
A15: Vente Devise | H15: =F59/2.4 -> 0 | I15: =40000*2.77 -> 110800 | K15: =55000*0.877 -> 48235
A16: Maribat
A17: El Haramaine
A18: Allemagne | G18: =12500+7610.52 -> 20110.52
A19: Med Energy
A20: Errafik | G20: 100000
A21: ENERTECH
A22: Credit de gestion: FED
A23: CMT
A24: RESTITUTION TVA
A25: PRIME INVESTISSEMENT
A26: Dividendes
A27: BILLET DE TRESORERIE
A28: AUGMENTATION CAPITAL
A29: MCNE
A30: Placement
A31: CMT
A32: Depenses | B32: =B33+B48+B67 -> 0 | C32: =C33+C48+C67 -> 1532526.1 | D32: =D33+D48+D67 -> 0 | E32: =E33+E48+E67 -> 2034.793 | F32: =F33+F48+F67 -> 1141767 | G32: =G33+G48+G67 -> #REF! | H32: =H33+H48+H67 -> 0 | I32: =I33+I48+I67 -> 247320.58 | ... S32: =S33+S48+S67 -> 0
A33: Import | B33: =SUM(B34:B47) -> 0 | D33: =SUM(D34:D47) -> 0 | E33: =SUM(E34:E47) -> 0 | F33: =SUM(F34:F47) -> 0 | G33: =SUM(G34:G47) -> #REF! | H33: =SUM(H34:H47) -> 0 | I33: =SUM(I34:I47) -> 0 | J33: =SUM(J34:J47) -> 0 | K33: =SUM(K34:K47) -> 45000 | ... S33: =SUM(S34:S47) -> 0
A34: STCM | G34: =etranger!C55 -> 0
A35: WIRTZ
A36: Biasin
A37: Daramic | G37: =+etranger!C36 -> 47355.28
A38: HB FULLER | G38: =+etranger!C46 -> 0
A39: Sorfin
A40: Goonvean
A41: Accuma | G41: =+etranger!#REF!+etranger!#REF!+etranger!C22+etranger!C23+etranger!C24+etranger!C25+etranger!C26 -> #REF!
A42: Akumsan
A43: COPLOSA | Q43: =+etranger!C77 -> 0
A44: Sovema | G44: =etranger!C39+etranger!C40 -> 0
A45: Glatfelter
A46: POWER CON | G46: =+etranger!C43 -> 5705.1
A47: DEMETAL | K47: 45000
A48: Local | B48: =SUM(B49:B65) -> 0 | C48: =SUM(C49:C65) -> 1532526.1 | D48: =SUM(D49:D63) -> 0 | E48: =SUM(E49:E66) -> 2034.793 | F48: =SUM(F49:F65) -> 890993 | G48: =SUM(G49:G66) -> 0 | H48: =SUM(H49:H63) -> 0 | I48: =SUM(I49:I63) -> 62320.584 | J48: =SUM(J49:J65) -> 5220.095 | K48: =SUM(K49:K63) -> 0 | L48: =SUM(L49:L63) -> 95000 | M48: =SUM(M49:M63) -> 51197.402 | N48: =SUM(N49:N66) -> 4600 | O48: =SUM(O49:O66) -> 0 | P48: =SUM(P49:P66) -> 5500 | Q48: =SUM(Q49:Q66) -> 0 | R48: =SUM(R49:R66) -> 0 | S48: =SUM(S49:S66) -> 0
A49: Recette des Finances | C49: 80000 | F49: 85000 | I49: 20000 | M49: 2500 | N49: 1000 | P49: 1000
A50: Salaires | C50: 30000 | F50: 95000 | I50: 21000 | M50: 9000 | N50: 3600 | P50: 4500
A51: CNSS
A52: Steg | F52: 80000 | I52: =+STA!F2 -> 13688.551
A53: Leasing | C53: =2036.086 -> 2036.086 | E53: 2034.793 | F53: =7940.233-3088.916-1780.737 -> 3070.58 | J53: 5220.095 | M53: 0 | P53: 0
A54: Plomb local | F54: =+SNA!F107+SNA!F108+SNA!F112+SNA!F116 -> 340905.72
A55: Traite STA | C55: 25000
A56: STA | C56: 150000
A57: Traite SNA | C57: 75000
A58: SNA | C58: =200000+950000 -> 1150000
A59: VENTE DEVISE | L59: =55000+40000 -> 95000
A60: Fonderie
A61: NOUR HEMP
A62: TIP
A63: Fournisseurs | C63: =SUM(SND!F16:F21) -> 10490.04 | F63: =SUM(SNA!F70:F106)+SUM(SNA!F109:F111)+SUM(SNA!F113:F115)+SUM(SNA!F117:F117) -> 137016.7 | I63: =STA!F20+STA!F21+STA!F22+STA!F23+STA!F24+STA!F25 -> 7632.033 | M63: =TIP!F6+TIP!F7+TIP!F8+TIP!F9+TIP!F10+TIP!F11+TIP!F12+TIP!F13 -> 39697.402
A64: DIVERS ET IMPREVUE | C64: 10000 | F64: 150000
A65: CCA
A66: Dividendes
A67: Engagement Banque | B67: =SUM(B68:B70) -> 0 | C67: =SUM(C68:C70) -> 0 | D67: =SUM(D68:D70) -> 0 | E67: =SUM(E68:E70) -> 0 | F67: =SUM(F68:F70) -> 250773.98 | G67: =SUM(G68:G70) -> 0 | H67: =SUM(H68:H70) -> 0 | I67: =SUM(I68:I70) -> 185000 | ... P67: =SUM(P68:P70) -> 0 | R67: =SUM(R68:R70) -> 0 | S67: =SUM(S68:S70) -> 0
A68: CMT | F68: =+CMT!G32+CMT!G33 -> 250773.98 | I68: 185000
A69: OBLIGATION DOUANES
A70: FED | G70: =+FED!C10 -> 0 | L70: =FED!C7*1.19 -> 0
A71: Solde au 31/08/2018 | B71: =B3+B4+B9-B32 -> 11594.144 | C71: =C3+C4+C9-C32 -> -1027636.8 | D71: =D3+D4+D9-D32 -> 953.187 | E71: =E3+E4+E9-E32 -> 10884.425 | F71: =F3+F4+F9-F32 -> -2629598.3 | G71: =G3+G4+G9-G32 -> #REF! | H71: =H3+H4+H9-H32 -> 146.86 | I71: =I3+I4+I9-I32 -> -548272.56 | ... S71: =S3+S4+S9-S32 -> -1222.13
A72: Autorisation | B72: 0 | C72: -200000 | D72: 0 | E72: 0 | F72: -2000000 | G72: 0 | H72: 0 | I72: -420000 | J72: 0 | K72: 0 | L72: 0 | M72: 0 | N72: 0 | O72: 0 | P72: 0 | Q72: 0 | R72: 0 | S72: 0
C74: =C72-C71 -> 827636.82 | F74: =F72-F71 -> 629598.27 | I74: =I72-I71 -> 128272.56

Sheet etranger
A1: =TODAY() -> 43350
A2: TAUX EURO/TND | C2: 43100 | D2: 2.9478
A3: TAUX USD/TND | C3: 43100 | D3: 2.4839
A4: TAUX GBP/TND | C4: 43100 | D4: 3.3113
A5: TAUX CNY/TND | C5: 43100 | D5: 0.384
A6: S T A
A7: FOURNISSEUR | B7: MONNAIE | C7: MONT DEV. | D7: MONT DT | E7: DATE FACTURE | F7: ECHEANCE
A8: DEMETAL | B8: EURO | C8: 45000 | D8: =+C8*D2 -> 132651 | F8: LC
A9: TOTAL | C9: =SUM(C8:C8) -> 45000
A12: TOTAL | C12: =SUM(C11:C11) -> 0
A15: TOTAL | C15: =SUM(C14:C14) -> 0
A18: TOTAL | C18: =SUM(C17:C17) -> 0
A20: S N A
A21: FOURNISSEUR | B21: MONNAIE | C21: MONT DEV. | D21: MONT DT | E21: DATE FACTURE | F21: ECHEANCE
A22: ACCUMA 14 | B22: EUR | C22: 14035.78 | D22: =+C22*$D$2 -> 41374.672 | E22: 43172 | F22: =E22+60 -> 43232
A23: ACCUMA 15 | B23: EUR | C23: 11086.67 | D23: =+C23*$D$2 -> 32681.286 | E23: 43173 | F23: =E23+60 -> 43233
A24: ACCUMA 16 | B24: EUR | C24: 8746.25 | D24: =+C24*$D$2 -> 25782.196 | E24: 43175 | F24: =E24+60 -> 43235
A25: ACCUMA 17 | B25: EUR | C25: 14020.07 | D25: =+C25*$D$2 -> 41328.362 | E25: 43189 | F25: =E25+60 -> 43249
A26: ACCUMA 18 | B26: EUR | C26: 9711.74 | D26: =+C26*$D$2 -> 28628.267 | E26: 43203 | F26: =E26+60 -> 43263
A27: ACCUMA 19 | B27: EUR | C27: 15058.56 | D27: =+C27*$D$2 -> 44389.623 | E27: 43208 | F27: =E27+60 -> 43268
A28: ACCUMA 20 | B28: EUR | C28: 13757.02 | D28: =+C28*$D$2 -> 40552.944 | E28: 43210 | F28: =E28+60 -> 43270
A29: ACCUMA 21 | B29: EUR | C29: 39770.04 | D29: =+C29*$D$2 -> 117234.12 | E29: 43251 | F29: =E29+60 -> 43311
A30: ACCUMA 22 | B30: EUR | C30: 1516.79 | D30: =+C30*$D$2 -> 4471.1936 | E30: 43294 | F30: =E30+60 -> 43354
A31: ACCUMA 23 | B31: EUR | C31: 27604.13 | D31: =+C31*$D$2 -> 81371.454 | E31: 43301 | F31: =E31+60 -> 43361
A32: ACCUMA 24 | B32: EUR | C32: 51126.33 | D32: =+C32*$D$2 -> 150710.2 | E32: 43307 | F32: =E32+60 -> 43367
A34: TOTAL | C34: =SUM(C22:C33) -> 206433.38
A36: DARAMIC | B36: EUR | C36: 47355.28 | D36: =+C36*D2 -> 139593.89 | E36: 43250 | F36: =+E36+90 -> 43340
A37: TOTAL | C37: =SUM(C36:C36) -> 47355.28
A41: TOTAL | C41: =SUM(C39) -> 0
A43: POWER COM | B43: EUR | C43: 5705.1 | D43: =+C43*D2 -> 16817.494 | E43: 43278 | F43: =+E43+15 -> 43293
A44: TOTAL | C44: =SUM(C43:C43) -> 5705.1
A47: TOTAL | C47: =SUM(C46:C46) -> 0
A50: TOTAL | C50: =SUM(C49:C49) -> 0
A53: TOTAL | C53: =SUM(C52:C52) -> 0
A56: TOTAL | C56: =SUM(C55:C55) -> 0
A58: CEMT | B58: CNY | C58: 9851000 | D58: =+C58*D5 -> 3782784 | E58: 0.9 | F58: 43054
E59: 0.1 | F59: 43221
A61: TOTAL | C61: =SUM(C58:C60) -> 9851000
A63: HEMPE | B63: EUR | C63: 335000 | E63: 42898 | F63: 71000
E64: 42927 | F64: 40000
E65: 43004 | F65: 15000
E66: 43006 | F66: 16000
E67: 43020 | F67: 25000
E68: 43208 | F68: 45000
A69: HEMPE | B69: EUR | C69: =65000+9000 -> 74000 | E69: 43189 | F69: 59500
A71: HEMPE | B71: EUR | C71: =14477.06+837.73 -> 15314.79
A72: TOTAL | C72: =SUM(C63:C71) -> 424314.79
A74: HEMPE 2 | B74: EUR | C74: 67500 | E74: 43074 | F74: 12000
A75: TOTAL | C75: =SUM(C74:C74) -> 67500
A78: TOTAL | C78: =SUM(C77:C77) -> 0
A81: TOTAL | C81: =SUM(C80:C80) -> 0

Sheet CMT
B1: STA-NOUR
B2: ECHEANCIER 2018
B4: Crédit | D4: Échéance | E4: Principal | F4: Intérêt | G4: Total | H4: PP | I4: INT
B5: STB MEG | C5: 400000 | D5: 43131 | E5: 41341.207 | F5: 1928.602 | G5: =SUM(E5:F5) -> 43269.809
B6: Total 12/2017 | E6: =SUM(E5:E5) -> 41341.207 | F6: =SUM(F5:F5) -> 1928.602 | G6: =SUM(G5:G5) -> 43269.809
B8: TOTAL 2017 | E8: =E6 -> 41341.207 | F8: =F6 -> 1928.602 | G8: =G6 -> 43269.809
B10: SNA-NOUR
B11: ECHEANCIER 2018
B13: Crédit | D13: Échéance | E13: Principal | F13: Intérêt | G13: Total | H13: PP | I13: INT
B14: BTK | C14: 1488000 | D14: 43126 | E14: 106285.71 | F14: 9370.857 | G14: =SUM(E14:F14) -> 115656.57
B15: STB TH | C15: 2418000 | D15: 43126 | E15: 172714.29 | F15: 14565.571 | G15: =SUM(E15:F15) -> 187279.86
B16: Total 01/2018 | E16: =SUM(E14:E15) -> 279000 | F16: =SUM(F14:F15) -> 23936.428 | G16: =SUM(E16:F16) -> 302936.43
B17: STB TH | C17: 500000 | D17: 43190 | E17: 41666.667 | F17: 7631.25 | G17: =SUM(E17:F17) -> 49297.917
B18: STB TH | C18: 1150000 | D18: 43190 | E18: 95833.333 | F18: 17103.854 | G18: =SUM(E18:F18) -> 112937.19
B19: STB TH | C19: 1000000 | D19: 43190 | E19: 83333.333 | F19: 14827.083 | G19: =SUM(E19:F19) -> 98160.417
B20: STB TH | C20: 1000000 | D20: 43190 | E20: 0 | F20: 1251.786 | G20: =SUM(E20:F20) -> 1251.786
B21: STB TH | C21: 350000 | D21: 43190 | E21: 29166.667 | F21: 5245.625 | G21: =SUM(E21:F21) -> 34412.292
B22: STB TH | C22: 500000 | D22: 43190 | E22: 41666.667 | F22: 7631.25 | G22: =SUM(E22:F22) -> 49297.917
B23: Total 03/2018 | E23: =SUM(E17:E22) -> 291666.67 | F23: =SUM(F17:F22) -> 53690.849 | G23: =SUM(E23:F23) -> 345357.52
B24: STB TH | C24: 500000 | D24: 43281 | E24: 0 | F24: 7014.583 | G24: =SUM(E24:F24) -> 7014.583
B25: STB TH | C25: 1150000 | D25: 43281 | E25: 0 | F25: 15721.725 | G25: =SUM(E25:F25) -> 15721.725
B26: STB TH | C26: 1000000 | D26: 43281 | E26: 0 | F26: 13628.935 | G26: =SUM(E26:F26) -> 13628.935
B27: STB TH | C27: 1000000 | D27: 43281 | E27: 71428.571 | F27: 1265.695 | G27: =SUM(E27:F27) -> 72694.266 | H27: REGLEMENT FINAL
B28: STB TH | C28: 350000 | D28: 43281 | E28: 0 | F28: 4821.736 | G28: =SUM(E28:F28) -> 4821.736
B29: STB TH | C29: 500000 | D29: 43281 | E29: 0 | F29: 7014.583 | G29: =SUM(E29:F29) -> 7014.583
B30: Total 06/2018 | E30: =SUM(E24:E29) -> 71428.571 | F30: =SUM(F24:F29) -> 49467.257 | G30: =SUM(E30:F30) -> 120895.83
B31: BTK | C31: 1488000 | D31: 43307 | E31: 106285.71 | F31: 6145.381 | G31: =SUM(E31:F31) -> 112431.1
B32: STB TH | C32: 2418000 | D32: 43307 | E32: 172714.29 | F32: 9552.059 | G32: =SUM(E32:F32) -> 182266.35
B33: STB TH | C33: 2500000 | D33: 43312 | E33: 0 | F33: 68507.639 | G33: =SUM(E33:F33) -> 68507.639
B34: Total 07/2018 | E34: =SUM(E31:E33) -> 279000 | F34: =SUM(F31:F33) -> 84205.079 | G34: =SUM(E34:F34) -> 363205.08
B35: STB TH | C35: 500000 | D35: 43373 | E35: 41666.667 | F35: 7091.667 | G35: =SUM(E35:F35) -> 48758.334
B36: STB TH | C36: 1150000 | D36: 43373 | E36: 95833.333 | F36: 15894.491 | G36: =SUM(E36:F36) -> 111727.82
B37: STB TH | C37: 1000000 | D37: 43373 | E37: 83333.333 | F37: 13778.704 | G37: =SUM(E37:F37) -> 97112.037
B38: STB TH | C38: 350000 | D38: 43373 | E38: 29166.667 | F38: 4874.722 | G38: =SUM(E38:F38) -> 34041.389
B39: STB TH | C39: 500000 | D39: 43373 | E39: 41666.667 | F39: 7091.667 | G39: =SUM(E39:F39) -> 48758.334
B40: Total 09/2018 | E40: =SUM(E35:E39) -> 291666.67 | F40: =SUM(F35:F39) -> 48731.25 | G40: =SUM(E40:F40) -> 340397.92
B41: STB TH | C41: 2500000 | D41: 43404 | E41: 0 | F41: 52963.889 | G41: =SUM(E41:F41) -> 52963.889
B42: STB TH | C42: 1250000 | D42: 43404 | E42: 0 | F42: 36753.273 | G42: =SUM(E42:F42) -> 36753.273
B43: Total 10/2018 | E43: =SUM(E41:E41) -> 0 | F43: =SUM(F41:F42) -> 89717.162 | G43: =SUM(E43:F43) -> 89717.162
B44: STB TH | C44: 500000 | D44: 43465 | E44: 0 | F44: 6382.5 | G44: =SUM(E44:F44) -> 6382.5
B45: STB TH | C45: 1150000 | D45: 43465 | E45: 0 | F45: 14305.042 | G45: =SUM(E45:F45) -> 14305.042
B46: STB TH | C46: 1000000 | D46: 43465 | E46: 0 | F46: 12400.833 | G46: =SUM(E46:F46) -> 12400.833
B47: STB TH | C47: 350000 | D47: 43465 | E47: 0 | F47: 4387.25 | G47: =SUM(E47:F47) -> 4387.25
B48: STB TH | C48: 500000 | D48: 43465 | E48: 0 | F48: 6382.5 | G48: =SUM(E48:F48) -> 6382.5
B49: Total 12/2018 | E49: =SUM(E44:E48) -> 0 | F49: =SUM(F44:F48) -> 43858.125 | G49: =SUM(E49:F49) -> 43858.125
B51: TOTAL 2018 | E51: =+E49+E40+E34+E30+E23+E16+E43 -> 1212761.9 | F51: =+F49+F40+F34+F30+F23+F16+F43 -> 393606.15 | G51: =+G49+G40+G34+G30+G23+G16+G43 -> 1606368.1

Sheet EXPORT
A2: CLIENT | B2: Facture | H2: MCNE | K2: REGLEMENT | M2: DIFFERENCE
B3: Numéro | C3: Date | D3: DEV | E3: MONTANT | F3: TND | G3: Échéance | H3: Montant | I3: DATE MEP | J3: ECHEANCE | K3: Montant | L3: Date
A4: MARIBAT | B4: EX150015 | C4: 42338 | D4: USD | E4: 185713.44 | F4: =+E4*2.0433 -> 379468.27 | G4: 42459 | H4: 305000 | J4: =+C4+90 -> 42428 | K4: =90414.1+83300*1.12825 -> 184397.33 | M4: =E4-K4 -> 1316.115
A5: EL HARAMAINE | B5: EX160002 | C5: 42389 | D5: USD | E5: 57547.5 | F5: =E5*2.0365 -> 117195.48 | G5: 42479 | K5: 57547.5 | M5: =E5-K5 -> 0
A6: MED ENERGY | B6: EX160003 | C6: 42394 | D6: USD | E6: 61973.64 | F6: =E6*2.03285 -> 125983.11 | G6: 42484 | K6: 61973.64 | M6: =E6-K6 -> 0
A7: MED ENERGY | B7: EX160004 | C7: 42422 | D7: USD | E7: 31260.71 | F7: =+E7*2.0168 -> 63046.6 | G7: =+C7+90 -> 42512 | K7: 31182.71 | M7: =E7-K7 -> 78
A8: MARIBAT | B8: EX160005 | C8: 42432 | D8: USD | E8: 97110.5 | F8: =E8*2.02425 -> 196575.93 | G8: 42567 | K8: =12997+84054 -> 97051 | M8: =E8-K8 -> 59.5
A9: MED ENERGY | B9: EX160006 | C9: 42445 | D9: USD | E9: 17500.78 | F9: =+E9*2.01395 -> 35245.696 | G9: =C9+90 -> 42535 | K9: 17437.78 | M9: =E9-K9 -> 63
A10: MARIBAT | B10: EX160007 | C10: 42461 | D10: USD | E10: 15887.8 | F10: =E10*1.98505 -> 31538.077 | G10: 42585 | K10: =2196.38+13625 -> 15821.38 | M10: =E10-K10 -> 66.42
A11: MED ENERGY | B11: EX160008 | C11: 42495 | D11: USD | E11: 13784.67 | F11: =+E11*1.98675 -> 27386.693 | G11: =+C11+90 -> 42585 | K11: 13719.17 | M11: =E11-K11 -> 65.5
A12: MED ENERGY | B12: EX160009 | C12: 42495 | D12: EUR | E12: 58790.64 | F12: =+E12*2.2687 -> 133378.32 | G12: =+C12+90 -> 42585 | K12: =46740.64+11960 -> 58700.64 | M12: =E12-K12 -> 90
A13: MARIBAT | B13: EX160010 | C13: 42506 | D13: USD | E13: 38827.5 | F13: =+E13*2.0226 -> 78532.502 | G13: 42630 | K13: =5188.54+33549.74 -> 38738.28 | M13: =E13-K13 -> 89.22
A14: MARIBAT | B14: EX160011 | C14: 42542 | D14: USD | E14: 37074 | F14: =+E14*2.14625 -> 79570.073 | G14: 42669 | K14: =13578+5163.9+18217.5 -> 36959.4 | M14: =E14-K14 -> 114.6
A15: MARIBAT | B15: EX160012 | C15: 42542 | D15: USD | E15: 3480 | F15: =+E15*2.14625 -> 7468.95 | G15: 42669 | K15: 3455 | M15: =E15-K15 -> 25
A16: ERRAFIK | B16: EX160014 | C16: 42695 | D16: EUR | E16: 284382.2 | F16: =+E16*2.42505 -> 689641.05 | G16: =+C16+60 -> 42755 | K16: =49950+100950+101950+31500 -> 284350 | M16: =E16-K16 -> 32.2
A17: ERRAFIK | B17: EX160015 | C17: 42704 | D17: EUR | E17: 187097.52 | F17: =+E17*2.42625 -> 453945.36 | G17: =+C17+60 -> 42764 | K17: =102950-31500+103950+11480 -> 186880 | M17: =E17-K17 -> 217.52
A18: MARIBAT | B18: EX170001 | C18: 42765 | D18: USD | E18: 73064.4 | F18: =+E18*2.26605 -> 165567.58 | G18: =+C18+120 -> 42885 | K18: =10173.28+62770 -> 72943.28 | M18: =+E18-K18 -> 121.12
A19: ENERTECH | B19: EX170002 | C19: 42780 | D19: EUR | E19: 17555.59 | F19: =+E19*2.4179 -> 42447.661 | G19: =+C19 -> 42780 | K19: 17555.59 | M19: =+E19-K19 -> 0
A20: MARIBAT | B20: EX170003 | C20: 42781 | D20: USD | E20: 17856 | F20: =+E20*2.272 -> 40568.832 | G20: =+C20+120 -> 42901 | K20: =2549.2+15270 -> 17819.2 | M20: =+E20-K20 -> 36.8
A21: MARIBAT | B21: EX170004 | C21: 42844 | D21: USD | E21: 35287.2 | F21: =+E21*2.31555 -> 81709.276 | G21: =+C21+120 -> 42964 | K21: =5062.04+30100 -> 35162.04 | M21: =+E21-K21 -> 125.16
A22: MARIBAT | B22: EX170005 | C22: 42864 | D22: USD | E22: 73647 | F22: =+E22*2.39905 -> 176682.84 | G22: =+C22+120 -> 42984 | K22: =10380.8+63196.5 -> 73577.3 | M22: =+E22-K22 -> 69.7
A23: MARIBAT | B23: EX170006 | C23: 42888 | D23: USD | E23: 44179.99 | F23: =+E23*2.42865 -> 107297.73 | G23: =+C23+120 -> 43008 | K23: =4855.4+39173.04 -> 44028.44 | M23: =+E23-K23 -> 151.55
A24: MARIBAT | B24: EX170007 | C24: 42928 | D24: USD | E24: 92625.75 | F24: =+E24*2.4274 -> 224839.75 | G24: =+C24+120 -> 43048 | K24: =12804.1+79661.5 -> 92465.6 | M24: =+E24-K24 -> 160.15
A25: ENERTECH | B25: EX170008 | C25: 42998 | D25: EUR | E25: 17117.85 | F25: =+E25*2.9097 -> 49807.808 | G25: =+C25+120 -> 43118 | K25: 17117.85 | M25: =+E25-K25 -> 0
A26: MARIBAT | B26: EX170009 | C26: 43054 | D26: USD | E26: 71193.6 | F26: =+E26*2.4747 -> 176182.8 | G26: =+C26+120 -> 43174 | K26: =10243.52+40535+20400 -> 71178.52 | M26: =+E26-K26 -> 15.08
A27: ENERTECH | B27: EX170010 | C27: 43073 | D27: EUR | E27: 16991.82 | F27: =+E27*2.9231 -> 49668.789 | G27: =+C27+0 -> 43073 | K27: 16991.82 | M27: =+E27-K27 -> 0
A28: MARIBAT | B28: EX170011 | C28: 43084 | D28: USD | E28: 72028.8 | F28: =+E28*2.4744 -> 178228.06 | G28: =+C28+120 -> 43204 | K28: =10364.16+61492.5 -> 71856.66 | M28: =+E28-K28 -> 172.14
A29: ENERTECH | B29: EX180002 | C29: 43182 | D29: EUR | E29: 13950.45 | F29: =+E29*2.9343 -> 40934.805 | G29: =+C29 -> 43182 | K29: 13950.45 | M29: =+E29-K29 -> 0
A30: MARIBAT | B30: EX180001 | C30: 43164 | D30: USD | E30: 35971.2 | F30: =+E30*2.38585 -> 85821.888 | G30: =+C30+120 -> 43284 | K30: =5174.34+49985-20400 -> 34759.34 | M30: =+E30-K30 -> 1211.86
A33: CLIENT | B33: Facture | H33: MCNE | K33: REGLEMENT | M33: DIFFERENCE
B34: Numéro | C34: Date | D34: DEV | E34: MONTANT | F34: TND | G34: Échéance | H34: Montant | I34: DATE MEP | J34: ECHEANCE | K34: Montant | L34: Date
A35: MARIBAT | B35: FN110017 | C35: 40680 | D35: EUR | E35: 5190.95 | F35: =+E35*1.95835 -> 10165.697 | G35: =+C35+90 -> 40770 | M35: =+E35-K35 -> 5190.95
A36: MARIBAT | B36: FN150083 | C36: 42356 | D36: USD | E36: 217912.86 | F36: =E36*2.01185 -> 438407.99 | G36: 42485 | K36: =113564.6+104348.26 -> 217912.86 | M36: =E36-K36 -> 0
A37: ERRAFIK | B37: FN150084 | C37: 42359 | D37: EUR | E37: 694484.64 | F37: =E37*2.19375 -> 1523525.7 | G37: 42456 | K37: =49960-39400+88520+100950+99945+49934.5+99924.5+24900+24960+49900+29960+29982+34949.5+21960+28000 -> 694445.5 | M37: =E37-K37 -> 39.14
A38: MARIBAT | B38: FN150085 | C38: 42363 | D38: EUR | E38: 2590.8 | F38: =+E38*2.19995 -> 5699.6305 | G38: 42485 | K38: 2783.74 | M38: =E38-K38 -> -192.94
A39: MED ENERGY | B39: FN160001 | C39: 42388 | D39: EUR | E39: 70769.15 | F39: =E39*2.21425 -> 156700.59 | G39: 42478 | K39: =20719.15+24950+24950 -> 70619.15 | M39: =E39-K39 -> 150
A40: MARIBAT | B40: FN160002 | C40: 42394 | D40: USD | E40: 120772.23 | F40: =+E40*2.0293 -> 245083.09 | G40: 42522 | K40: =61633.4-K41+60440.56 -> 120729.96 | M40: =E40-K40 -> 42.27
A41: MARIBAT | B41: FN160003 | C41: 42396 | D41: USD | E41: 1344 | F41: =+E41*2.0293 -> 2727.3792 | G41: 42522 | K41: 1344 | M41: =E41-K41 -> 0
A42: ERRAFIK | B42: FN160007 | C42: 42405 | D42: EUR | E42: 354482.12 | F42: =E42*2.232 -> 791204.09 | G42: 42502 | K42: =54480+50000+100000+100000+5000+40000+5002.12 -> 354482.12 | M42: =E42-K42 -> 0
A43: MARIBAT | B43: FN160008 | C43: 42412 | D43: USD | E43: 110497.38 | F43: =E43*2.00195 -> 221210.23 | G43: 42543 | K43: =58678.54-3945.6+55714.44 -> 110447.38 | M43: =E43-K43 -> 50
A44: MED ENERGY | B44: FN160009 | C44: 42412 | D44: EUR | E44: 52613.6 | F44: =E44*2.24105 -> 117909.71 | G44: 42502 | K44: 52563.6 | M44: =E44-K44 -> 50
A45: MARIBAT | B45: FN160010 | C45: 42416 | D45: USD | E45: 3945.6 | F45: =E45*2.00195 -> 7898.8939 | G45: 42543 | K45: 3945.6 | M45: =E45-K45 -> 0
A46: MED ENERGY | B46: FN160011 | C46: 42422 | D46: EUR | E46: 36924.26 | F46: =+E46*2.2214 -> 82023.551 | G46: =+C46+90 -> 42512 | K46: 36874.26 | M46: =E46-K46 -> 50
A47: EL HARAMAINE | B47: FN160012 | C47: 42423 | D47: USD | E47: 58754.1 | F47: =+E47*2.01295 -> 118269.07 | G47: =+C47+90 -> 42513 | K47: 58754.1 | M47: =E47-K47 -> 0
A48: ERRAFIK | B48: FN160016 | C48: 42436 | D48: EUR | E48: 346818.74 | F48: =+E48*2.2428 -> 777845.07 | G48: =+C48+90 -> 42526 | H48: 620000 | J48: 42521 | K48: =79900-5002.12+25000+25000+25000+15000+80000+40000+31840+9950+20000 -> 346687.88 | M48: =E48-K48 -> 130.86
A49: MED ENERGY | B49: FN160017 | C49: 42445 | D49: EUR | E49: 56915.18 | F49: =+E49*2.2342 -> 127159.9 | G49: =+C49+90 -> 42535 | K49: =20865.18+36000 -> 56865.18 | M49: =E49-K49 -> 50
A50: MED ENERGY | B50: FN160018 | C50: 42460 | D50: EUR | E50: 55894.19 | F50: =E50*2.25995 -> 126318.07 | G50: =+C50+90 -> 42550 | K50: =46844.19-36000+22950+21950 -> 55744.19 | M50: =E50-K50 -> 150
A51: MARIBAT | B51: FN160022 | C51: 42461 | D51: USD | E51: 124293.26 | F51: =E51*1.98505 -> 246728.34 | G51: 42585 | K51: =60173.9+64059.36 -> 124233.26 | M51: =E51-K51 -> 60
A52: MED ENERGY | B52: FN160023 | C52: 42471 | D52: EUR | E52: 71366.58 | F52: =E52*2.2645 -> 161609.62 | G52: =+C52+90 -> 42561 | K52: 71316.58 | M52: =E52-K52 -> 50
A53: MARIBAT | B53: FN160025 | C53: 42480 | D53: USD | E53: 3720 | F53: =+E53*1.99715 -> 7429.398 | G53: 42603 | K53: 3662 | M53: =E53-K53 -> 58
A54: EL HARAMAINE | B54: FN160026 | C54: 42480 | D54: USD | E54: 59734.6 | F54: =+E54*1.99715 -> 119298.96 | G54: 42580 | K54: 59734.6 | M54: =E54-K54 -> 0
A55: MARIBAT | B55: FN160027 | C55: 42485 | D55: USD | E55: 190231.2 | F55: =+E55*1.99715 -> 379920.24 | G55: 42603 | H55: 305000 | J55: 42607 | K55: =163674-64059.36+90538.6 -> 190153.24 | M55: =E55-K55 -> 77.96
A56: EL HARAMAINE | B56: FN160031 | C56: 42503 | D56: USD | E56: 60309.6 | F56: =E56*2.02365 -> 122045.52 | G56: 42601 | K56: 60309.6 | M56: =E56-K56 -> 0
A57: MARIBAT | B57: FN160032 | C57: 42513 | D57: USD | E57: 243352.73 | F57: =E57*2.02365 -> 492460.75 | G57: 42630 | H57: 395000 | J57: 42638 | K57: =123502.1-2842.8+122644.67 -> 243303.97 | M57: =E57-K57 -> 48.76
A58: MARIBAT | B58: FN160033 | C58: 42506 | D58: USD | E58: 2902.8 | F58: =+E58*2.02365 -> 5874.2512 | G58: 42630 | K58: =2902.8-60 -> 2842.8 | M58: =E58-K58 -> 60
A59: MED ENERGY | B59: FN160034 | C59: 42515 | D59: EUR | E59: 58025.49 | F59: =E59*2.28935 -> 132840.66 | G59: =+C59+90 -> 42605 | K59: =12985.49+10960+11019+20163.57+2850 -> 57978.06 | M59: =E59-K59 -> 47.43
A60: MARIBAT | B60: FN160038 | C60: 42522 | D60: USD | E60: 181444.41 | F60: =+E60*2.0914 -> 379472.84 | G60: 42647 | K60: =90963.81+91051.3-637.2 -> 181377.91 | M60: =E60-K60 -> 66.5
A61: MARIBAT | B61: FN160039 | C61: 42522 | D61: USD | E61: 637.2 | F61: =+E61*2.0914 -> 1332.6401 | G61: 42647 | K61: 637.2 | M61: =E61-K61 -> 0
A62: MED ENERGY | B62: FN160040 | C62: 42523 | D62: USD | E62: 32695.26 | F62: =+E62*2.1062 -> 68862.757 | G62: =+C62+90 -> 42613 | K62: 32614.76 | M62: =E62-K62 -> 80.5
A63: MED ENERGY | B63: FN160041 | C63: 42527 | D63: EUR | E63: 33241.94 | F63: =+E63*2.34895 -> 78083.655 | G63: =+C63+90 -> 42617 | K63: =813.45+12225+20000 -> 33038.45 | M63: =E63-K63 -> 203.49
A64: ERRAFIK | B64: FN160042 | C64: 42528 | D64: EUR | E64: 249442.34 | F64: =+E64*2.3642 -> 589731.58 | G64: =+C64+90 -> 42618 | K64: =60000+39960+39950+25000+10000+25000+49500 -> 249410 | M64: =E64-K64 -> 32.34
A65: ERRAFIK | B65: FN160045 | C65: 42552 | D65: EUR | E65: 247327.72 | F65: =+E65*2.43635 -> 602576.89 | G65: =+C65+90 -> 42642 | H65: 485000 | J65: 42648 | K65: =64922.5-49500+85000+59957+79548.68+7399.54 -> 247327.72 | M65: =E65-K65 -> 0
A66: MARIBAT | B66: FN160046 | C66: 42565 | D66: USD | E66: 182006.54 | F66: =E66*2.20895 -> 402043.35 | G66: 42698 | H66: 320000 | J66: 42689 | K66: =72601.19+90445.6+18809.75 -> 181856.54 | M66: =E66-K66 -> 150
A67: MED ENERGY | B67: FN160050 | C67: 42583 | D67: EUR | E67: 47822.32 | F67: =+E67*2.45605 -> 117454.01 | G67: =+C67+90 -> 42673 | K67: =10994.42+15629.1+21150 -> 47773.52 | M67: =E67-K67 -> 48.8
A68: ERRAFIK | B68: FN160051 | C68: 42585 | D68: EUR | E68: 256710.4 | F68: =+E68*2.45645 -> 630596.26 | G68: =+C68+90 -> 42675 | K68: =39965-7399.54+99975+99955+24214.94 -> 256710.4 | M68: =E68-K68 -> 0
A69: EL HARAMAINE | B69: FN160052 | C69: 42594 | D69: USD | E69: 61609.6 | F69: =+E69*2.20485 -> 135839.93 | G69: 42692 | K69: 61609.6 | M69: =E69-K69 -> 0
A70: MARIBAT | B70: FN160053 | C70: 42599 | D70: USD | E70: 201518.23 | F70: =E70*2.18885 -> 441093.18 | G70: 42722 | K70: =90429.6+110873.72 -> 201303.32 | M70: =E70-K70 -> 214.91
A71: ERRAFIK | B71: FN160054 | C71: 42599 | D71: EUR | E71: 176779.1 | F71: =E71*2.4649 -> 435742.8 | G71: =+C71+90 -> 42689 | K71: =50000-24214.94+59950+24965+66079.04 -> 176779.1 | M71: =E71-K71 -> 0
A72: ERRAFIK | B72: FN160055 | C72: 42606 | D72: EUR | E72: 182078.8 | F72: =+E72*2.4651 -> 448842.45 | G72: =+C72+90 -> 42696 | K72: =86970-66079.04+44970+99975+16242.84 -> 182078.8 | M72: =E72-K72 -> 0
A73: MARIBAT | B73: FN160058 | C73: 42619 | D73: USD | E73: 201819.58 | F73: =+E73*2.19925 -> 443851.71 | G73: =+C73+120 -> 42739 | K73: =90445.6+111210.5 -> 201656.1 | M73: =E73-K73 -> 163.48
A74: ERRAFIK | B74: FN160059 | C74: 42619 | D74: EUR | E74: 93763.1 | F74: =+E74*2.45675 -> 230352.5 | G74: =+C74+90 -> 42709 | K74: =49970-16242.84+60035.94 -> 93763.1 | M74: =E74-K74 -> 0
A75: ERRAFIK | B75: FN160060 | C75: 42634 | D75: TND | E75: 490473.73 | F75: =+E75 -> 490473.73 | G75: =+C75+90 -> 42724 | H75: 390000 | J75: 42719 | K75: 483301.4 | M75: =E75-K75 -> 7172.329
A76: MARIBAT | B76: FN160065 | C76: 42646 | D76: USD | E76: 206062.8 | F76: =+E76*2.1936 -> 452019.36 | G76: =+C76+120 -> 42766 | K76: =90445.6+62781.5+52565.5 -> 205792.6 | M76: =E76-K76 -> 270.2
A77: ERRAFIK | B77: FN160066 | C77: 42647 | D77: EUR | E77: 90619.2 | F77: =+E77*2.4659 -> 223457.89 | G77: =+C77+90 -> 42737 | K77: =99832.71-60035.94+50800 -> 90596.77 | M77: =E77-K77 -> 22.43
A78: MARIBAT | B78: FN160067 | C78: 42661 | D78: USD | E78: 137375.2 | F78: =E78*2.23355 -> 306834.38 | G78: =+C78+120 -> 42781 | K78: =60289.4+76922.5 -> 137211.9 | M78: =E78-K78 -> 163.3
A79: ERRAFIK | B79: FN160068 | C79: 42667 | D79: EUR | E79: 275267.22 | F79: =E79*2.4408 -> 671872.23 | G79: =+C79+90 -> 42757 | K79: =86880.37-50800+49880.54+99832.65+50000+39400 -> 275193.56 | M79: =E79-K79 -> 73.66
A80: ERRAFIK | B80: FN160069 | C80: 42674 | D80: EUR | E80: 267067.85 | F80: =E80*2.45085 -> 654543.24 | G80: =C80+90 -> 42764 | K80: =11960+49900+24900+89900+79950+10400 -> 267010 | M80: =E80-K80 -> 57.85
A81: EL HARAMAINE | B81: FN160072 | C81: 42682 | D81: USD | E81: 61851.2 | F81: =+E81*2.22055 -> 137343.68 | G81: =+C81+90 -> 42772 | K81: 61851.2 | M81: =E81-K81 -> 0
A82: MED ENERGY | B82: FN160075 | C82: 42688 | D82: EUR | E82: 63212.1 | F82: =+E82*2.43455 -> 153893.02 | G82: =+C82+60 -> 42748 | K82: 63200 | M82: =E82-K82 -> 12.1
A83: MARIBAT | B83: FN160076 | C83: 42695 | D83: USD | E83: 218812.7 | F83: =+E83*2.2844 -> 499855.73 | G83: =+C83+120 -> 42815 | H83: 400000 | J83: 42819 | K83: =90505.8+128142.5 -> 218648.3 | M83: =E83-K83 -> 164.4
A84: EL HARAMAINE | B84: FN160077 | C84: 42703 | D84: USD | E84: 60082 | F84: =+E84*2.2879 -> 137461.61 | G84: =+C84+90 -> 42793 | M84: =E84-K84 -> 60082
A85: ERRAFIK | B85: FN160082 | C85: 42714 | D85: EUR | E85: 189405.85 | F85: =+E85*2.42685 -> 459659.59 | G85: =+C85+90 -> 42804 | K85: =11585+24960+59900+21930+14930+27960+28100 -> 189365 | M85: =E85-K85 -> 40.85
A86: ERRAFIK | B86: FN160084 | C86: 42731 | D86: EUR | E86: 288116.08 | F86: =+E86*2.41755 -> 696535.03 | G86: =+C86+60 -> 42791 | K86: =31982-28100+27930+26000+14982+21955+40955+45000+51000+39900+16500 -> 288104 | M86: =E86-K86 -> 12.08
A87: MARIBAT | B87: FN160090 | C87: 42733 | D87: USD | E87: 145787.49 | F87: =+E87*2.31175 -> 337024.23 | G87: =+C87+120 -> 42853 | K87: =60280.4+85392 -> 145672.4 | M87: =E87-K87 -> 115.09
A88: ERRAFIK | B88: FN170001 | C88: 42753 | D88: EUR | E88: 288576.96 | F88: =+E88*2.42535 -> 699900.13 | G88: =+C88+60 -> 42813 | K88: =34000-16500+40000+35000+50500+10000+74500+54500+6500 -> 288500 | M88: =E88-K88 -> 76.96
A89: ERRAFIK | B89: FN170006 | C89: 42772 | D89: EUR | E89: 90850.1 | F89: =+E89*2.4309 -> 220847.51 | G89: =+C89+60 -> 42832 | K89: =24600-6500+72500 -> 90600 | M89: =E89-K89 -> 250.1
A90: MARIBAT | B90: FN170007 | C90: 42786 | D90: USD | E90: 152438.77 | F90: =+E90*2.2847 -> 348276.86 | G90: =+C90+120 -> 42906 | K90: =60270.4+91998.5 -> 152268.9 | M90: =E90-K90 -> 169.87
A91: ERRAFIK | B91: FN170008 | C91: 42786 | D91: EUR | E91: 103380.36 | F91: =+E91*2.41935 -> 250113.27 | G91: =+C91+60 -> 42846 | K91: =44000+59200 -> 103200 | M91: =E91-K91 -> 180.36
A92: MARIBAT | B92: FN170013 | C92: 42827 | D92: USD | E92: 153807 | F92: =+E92*2.25845 -> 347365.42 | G92: =+C92+120 -> 42947 | K92: =60269.4+93352.5 -> 153621.9 | M92: =E92-K92 -> 185.1
A93: ERRAFIK | B93: FN170014 | C93: 42823 | D93: EUR | E93: 294951.15 | F93: =+E93*2.42915 -> 716480.59 | G93: =+C93+60 -> 42883 | K93: =250000+44800 -> 294800 | M93: =E93-K93 -> 151.15
A94: MED ENERGY | B94: FN170017 | C94: 42849 | D94: EUR | E94: 34976.02 | F94: =+E94*2.48185 -> 86805.235 | G94: =+C94+60 -> 42909 | K94: =15600+9960+9266.92 -> 34826.92 | M94: =E94-K94 -> 149.1
A95: ERRAFIK | B95: FN170020 | C95: 42863 | D95: EUR | E95: 184309.16 | F95: =+E95*2.6311 -> 484935.83 | G95: =+C95+60 -> 42923 | K95: =36000+15000+95000+4000+34200 -> 184200 | M95: =E95-K95 -> 109.16
A96: ERRAFIK | B96: FN170024 | C96: 42898 | D96: EUR | E96: 295149.58 | F96: =+E96*2.74135 -> 809108.3 | G96: =+C96+60 -> 42958 | K96: =70000-34200+86000+111000+62300 -> 295100 | M96: =E96-K96 -> 49.58
A97: MED ENERGY | B97: FN170025 | C97: 42906 | D97: EUR | E97: 52992.7 | F97: =+E97*2.7377 -> 145078.11 | G97: =+C97+60 -> 42966 | M97: =E97-K97 -> 52992.7
A98: ERRAFIK | B98: FN170027 | C98: 42933 | D98: EUR | E98: 286403.79 | F98: =+E98*2.7746 -> 794655.96 | G98: =+C98+60 -> 42993 | K98: =180000+47200+7500+51650 -> 286350 | M98: =E98-K98 -> 53.79
A99: ERRAFIK | B99: FN170030 | C99: 42963 | D99: EUR | E99: 94511.3 | F99: =+E99*2.80685 -> 265279.04 | G99: =+C99+60 -> 43023 | K99: =125000-51650+21100 -> 94450 | M99: =E99-K99 -> 61.3
A100: ERRAFIK | B100: FN170031 | C100: 42975 | D100: EUR | E100: 278132.68 | F100: =+E100*2.88515 -> 802454.5 | G100: =+C100+60 -> 43035 | K100: =100000-21100+102000+97200 -> 278100 | M100: =E100-K100 -> 32.68
A101: ERRAFIK | B101: FN170038 | C101: 43010 | D101: EUR | E101: 94696.34 | F101: =+E101*2.8948 -> 274126.97 | G101: =+C101+60 -> 43070 | K101: 94650 | M101: =E101-K101 -> 46.34
A102: ERRAFIK | B102: FN170039 | C102: 43019 | D102: EUR | E102: 87025.13 | F102: =+E102*2.902 -> 252546.93 | G102: =+C102+60 -> 43079 | K102: =8150+78800 -> 86950 | M102: =E102-K102 -> 75.13
A103: ERRAFIK | B103: FN170040 | C103: 43026 | D103: EUR | E103: 98676.9 | F103: =+E103*2.89915 -> 286079.13 | G103: =+C103+60 -> 43086 | K103: 98600 | M103: =E103-K103 -> 76.9
...

Sheet FED
A3: FINANCEMENTS DE DEVISE IMPORT
A4: AU 31/12/2016
B6: Fournisseur | C6: Montant en devise | D6: Cours | E6: Montant en dinars | F6: Date MEP | G6: Échéance | H6: Observation
A7: STA NOUR
A8: Total | E8: =SUM(E7) -> 0
A10: SNA
A11: Total | E11: =SUM(E10:E10) -> 0

Sheet PLOMB LOCAL
A1: SITUATION KAIS 05/09/2018
A3: TOTAL CRASSE | C3: KG | D3: =291280+D14+D15 -> 356940 | F3: =417856+F14+F15 -> 513063 | G3: =79392.64+G14+G15 -> 97481.97 | H3: =497248.64+H14+H15 -> 610544.97
A4: TOTAL DECHET BATTERIE | C4: KG | D4: =442120+D16+D17 -> 522380 | F4: =727706+F16+F17 -> 864148 | G4: =138264.14+G16+G17 -> 164188.12 | H4: =865971.34+H16+H17 -> 1028337.3
A5: TOTAL ETAIN | C5: KG | D5: =13829+D18+D19+D20+D21 -> 23997 | F5: =456357+F18+F19+F20+F21 -> 787681.5 | G5: =86707.83+G18+G19+G20+G21 -> 149659.49 | H5: =543064.83+H18+H19+H20+H21 -> 937340.98
A6: TOTAL ALIMINIUM | C6: KG | D6: 1109 | F6: 3327 | G6: 632.13 | H6: 3959.13
A7: TOTAL VIEUX PLOMB | C7: KG | D7: =189542+D22+D23+D24+D25+D26+D27+D28+D29+D30+D31+D32+D33+D34+D35+D36+D37+D38 -> 269733 | F7: =838956.3+F22+F23+F24+F25+F26+F27+F28+F29+F30+F31+F32+F33+F34+F35+F36+F37+F38 -> 1139357.5 | G7: =159401.697+G22+G23+G24+G25+G26+G27+G28+G29+G30+G31+G32+G33+G34+G35+G36+G37+G38 -> 216477.92 | H7: =998357.997+H22+H23+H24+H25+H26+H27+H28+H29+H30+H31+H32+H33+H34+H35+H36+H37+H38 -> 1355835.4
A8: TOTAL | F8: =SUM(F3:F7) -> 3307577 | G8: =SUM(G3:G7) -> 628439.63 | H8: =SUM(H3:H7) -> 3936017.8
A9: REGLEMENT RECU | H9: =2616640.969+114088.07+100000+100000+100000+19780.85+100000+100000 -> 3250509.9
A10: RESTE A PAYER | H10: =+H8-H9 -> 685507.94
A12: QUANTITE NON FACTURE
A13: 43066 | B13: COUPEAU DE FER | C13: KG | D13: 13620 | E13: 0.3 | F13: =+D13*E13 -> 4086 | G13: =+F13*0.19 -> 776.34 | H13: =+G13+F13 -> 4862.34
A14: 43278 | B14: CRASSE | C14: KG | D14: 32800 | E14: 1.45 | F14: =+D14*E14 -> 47560 | G14: =+F14*0.19 -> 9036.4 | H14: =+F14+G14 -> 56596.4
A15: 43328 | B15: CRASSE | C15: KG | D15: 32860 | E15: 1.45 | F15: =+D15*E15 -> 47647 | G15: =+F15*0.19 -> 9052.93 | H15: =+F15+G15 -> 56699.93
A16: 43287 | B16: DECHET BATTERIE | C16: KG | D16: 43160 | E16: 1.7 | F16: =+D16*E16 -> 73372 | G16: =+F16*0.19 -> 13940.68 | H16: =+F16+G16 -> 87312.68
A17: 43328 | B17: DECHET BATTERIE | C17: KG | D17: 37100 | E17: 1.7 | F17: =+D17*E17 -> 63070 | G17: =+F17*0.19 -> 11983.3 | H17: =+F17+G17 -> 75053.3
A18: 43297 | B18: ETAIN | C18: KG | D18: 2423 | E18: 33 | F18: =+D18*E18 -> 79959 | G18: =+F18*0.19 -> 15192.21 | H18: =+F18+G18 -> 95151.21
A19: 43315 | B19: ETAIN | C19: KG | D19: 2926 | E19: 33 | F19: =+D19*E19 -> 96558 | G19: =+F19*0.19 -> 18346.02 | H19: =+F19+G19 -> 114904.02
A20: 43326 | B20: ETAIN | C20: KG | D20: 2006 | E20: 33 | F20: =+D20*E20 -> 66198 | G20: =+F20*0.19 -> 12577.62 | H20: =+F20+G20 -> 78775.62
A21: 43343 | B21: ETAIN | C21: KG | D21: 2813 | E21: 31.5 | F21: =+D21*E21 -> 88609.5 | G21: =+F21*0.19 -> 16835.805 | H21: =+F21+G21 -> 105445.3
A22: 43297 | B22: PLOMB | C22: KG | D22: 2559 | E22: 4.4 | F22: =+D22*E22 -> 11259.6 | G22: =+F22*0.19 -> 2139.324 | H22: =+F22+G22 -> 13398.924
A23: 43304 | B23: PLOMB | C23: KG | D23: 6341 | E23: 4.4 | F23: =+D23*E23 -> 27900.4 | G23: =+F23*0.19 -> 5301.076 | H23: =+F23+G23 -> 33201.476
A24: 43307 | B24: PLOMB | C24: KG | D24: 3011 | E24: 4.4 | F24: =+D24*E24 -> 13248.4 | G24: =+F24*0.19 -> 2517.196 | H24: =+F24+G24 -> 15765.596
A25: 43308 | B25: PLOMB | C25: KG | D25: 4455 | E25: 4.4 | F25: =+D25*E25 -> 19602 | G25: =+F25*0.19 -> 3724.38 | H25: =+F25+G25 -> 23326.38
... A31: 43329 | B31: PLOMB | C31: KG | D31: 1870 | E31: 4.4 | F31: =+D31*E31 -> 8228 | G31: =+F31*0.19 -> 1563.32 | H31: =+F31+G31 -> 9791.32
A32: 43329 | B32: PLOMB | C32: KG | D32: =763+1170+712+967+742+330 -> 4684 | E32: 4.4 | F32: =+D32*E32 -> 20609.6 | G32: =+F32*0.19 -> 3915.824 | H32: =+F32+G32 -> 24525.424
A33: 43330 | B33: PLOMB | C33: KG | D33: 1798 | E33: 4.4 | F33: =+D33*E33 -> 7911.2 | G33: =+F33*0.19 -> 1503.128 | H33: =+F33+G33 -> 9414.328
A34: 43332 | B34: PLOMB | C34: KG | D34: 7540 | E34: 4.4 | F34: =+D34*E34 -> 33176 | G34: =+F34*0.19 -> 6303.44 | H34: =+F34+G34 -> 39479.44
A35: 43339 | B35: PLOMB | C35: KG | D35: 11918 | F35: =+D35*E35 -> 0 | G35: =+F35*0.19 -> 0 | H35: =+F35+G35 -> 0
A36: 43342 | B36: PLOMB | C36: KG | D36: 2072 | E36: 4.4 | F36: =+D36*E36 -> 9116.8 | G36: =+F36*0.19 -> 1732.192 | H36: =+F36+G36 -> 10848.992
A37: 43343 | B37: PLOMB | C37: KG | D37: 8257 | E37: 4.4 | F37: =+D37*E37 -> 36330.8 | G37: =+F37*0.19 -> 6902.852 | H37: =+F37+G37 -> 43233.652
A38: 43348 | B38: PLOMB | C38: KG | D38: 6927 | E38: 4.4 | F38: =+D38*E38 -> 30478.8 | G38: =+F38*0.19 -> 5790.972 | H38: =+F38+G38 -> 36269.772
H40: =SUM(H13:H39) -> 1032278.2
A42: SITUATION HAZEM 05/09/2018
A44: TOTAL CRASSE | C44: KG | D44: 0 | F44: 0 | G44: 0 | H44: 0
A45: TOTAL DECHET BATTERIE | C45: KG | D45: =1159338+D56+D57+D58+D59+D60 -> 1342018 | F45: =1894128.6+F56+F57+F58+F59+F60 -> 2204684.6 | G45: =359884.434+G56+G57+G58+G59+G60 -> 418890.07 | H45: =2254032.834+H56+H57+H58+H59+H60 -> 2623597.5
A46: TOTAL ETAIN | C46: KG | D46: 531 | F46: 16992 | G46: 3228.48 | H46: 20221.08
A47: TOTAL VIEUX PLOMB | C47: KG | D47: 8502 | F47: 37408.8 | G47: 7107.672 | H47: 44518.872
A48: TOTAL | F48: =SUM(F44:F47) -> 2259085.4 | G48: =SUM(G44:G47) -> 429226.23 | H48: =SUM(H44:H47) -> 2688337.4
A49: REGLEMENT RECU | H49: =2084183.906+H53+H54+H55+H56+H57 -> 2465724.7
A50: RESTE A PAYER | H50: =+H48-H49 -> 222612.72
A53: 43236 | B53: DECHET BATTERIE | C53: kg | D53: 38380 | E53: 1.7 | F53: =D53*E53 -> 65246 | G53: =F53*0.19 -> 12396.74 | H53: =F53+G53+0.6 -> 77643.34
A54: 43283 | B54: DECHET BATTERIE | C54: kg | D54: 35900 | E54: 1.7 | F54: =D54*E54 -> 61030 | G54: =F54*0.19 -> 11595.7 | H54: =F54+G54+0.6 -> 72626.3
A55: 43285 | B55: DECHET BATTERIE | C55: kg | D55: 41680 | E55: 1.7 | F55: =D55*E55 -> 70856 | G55: =F55*0.19 -> 13462.64 | H55: =F55+G55+0.6 -> 84319.24
A56: 43291 | B56: DECHET BATTERIE | C56: kg | D56: 38960 | E56: 1.7 | F56: =D56*E56 -> 66232 | G56: =F56*0.19 -> 12584.08 | H56: =F56+G56+0.6 -> 78816.68
A57: 43298 | B57: DECHET BATTERIE | C57: kg | D57: 33680 | E57: 1.7 | F57: =D57*E57 -> 57256 | G57: =F57*0.19 -> 10878.64 | H57: =F57+G57+0.6 -> 68135.24
A58: 43300 | B58: DECHET BATTERIE | C58: kg | D58: 35440 | E58: 1.7 | F58: =D58*E58 -> 60248 | G58: =F58*0.19 -> 11447.12 | H58: =F58+G58+0.6 -> 71695.72
A59: 43304 | B59: DECHET BATTERIE | C59: kg | D59: 40300 | E59: 1.7 | F59: =D59*E59 -> 68510 | G59: =F59*0.19 -> 13016.9 | H59: =F59+G59+0.6 -> 81527.5
A60: 43347 | B60: DECHET BATTERIE | C60: kg | D60: 34300 | E60: 1.7 | F60: =D60*E60 -> 58310 | G60: =F60*0.19 -> 11078.9 | H60: =F60+G60+0.6 -> 69389.5
A63: SITUATION SOTRAM 05/09/2018
A65: TOTAL CRASSE | C65: KG | D65: 0 | F65: 0 | G65: 0 | H65: 0
A66: TOTAL DECHET BATTERIE | C66: KG | D66: =367820+D73+D74+D76+D77 -> 516620 | F66: =586310+F73+F74+F75+F76+F77 -> 897780 | G66: =111398.9+G73+G74+G75+G76+G77 -> 170930.57 | H66: =702686.696+H73+H74+H75+H76+H77 -> 1074340.6
A67: TOTAL ETAIN | C67: KG | D67: 0 | F67: 0 | G67: 0 | H67: 0
A68: TOTAL VIEUX PLOMB | C68: KG | D68: 0 | F68: 0 | G68: 0 | H68: 0
A69: TOTAL | F69: =SUM(F65:F68) -> 897780 | G69: =SUM(G65:G68) -> 170930.57 | H69: =SUM(H65:H68) -> 1074340.6
A70: REGLEMENT RECU | H70: =702686.696+H74+H75+H73+H76 -> 997546.91
A71: RESTE A PAYER | H71: =+H69-H70 -> 76793.68
A73: 43292 | B73: DECHET BATTERIE | C73: KG | D73: 37260 | E73: 1.65 | F73: =+D73*E73 -> 61479 | G73: =+F73*0.19 -> 11681.01 | H73: =+F73+G73+0.6 -> 73160.61
A74: 43294 | B74: DECHET BATTERIE | C74: KG | D74: 35320 | E74: 1.65 | F74: =+D74*E74 -> 58278 | G74: =+(F74*1.01)*0.19 -> 11183.548 | H74: =F74+G74 -> 69461.548
A75: 43308 | B75: DECHET BATTERIE | C75: KG | D75: 37660 | E75: 1.65 | F75: =+D75*E75 -> 62139 | G75: =+(F75*1.01)*0.19 -> 11924.474 | H75: =F75+G75 -> 74063.474
A76: 43339 | B76: DECHET BATTERIE | C76: kg | D76: 38260 | E76: 1.7 | F76: =D76*E76 -> 65042 | G76: =F76*1.01*0.19 -> 12481.56 | H76: =F76*1.01+G76+0.6 -> 78174.58
A77: 43342 | B77: DECHET BATTERIE | C77: KG | D77: 37960 | E77: 1.7 | F77: =+D77*E77 -> 64532 | G77: =+F77*0.19 -> 12261.08 | H77: =+G77+F77+0.6 -> 76793.68

Sheet AUTRE FACTURE
A1: REEL | J1: FACTURATION | R1: KAIS | S1: RELIQUAT
A2: 43166 | B2: CRASSE | C2: KG | D2: 10000 | E2: 1.45 | F2: 10000 | G2: =+F2*0.19 -> 1900 | H2: =+G2+F2 -> 11900 | J2: FONDERIE | K2: CRASSE | L2: KG | M2: 35500 | N2: 1.45 | O2: =+M2*N2 -> 51475 | P2: =+O2*0.19 -> 9780.25 | Q2: =+P2+O2+0.6 -> 61255.85 | R2: =+F2+P2+0.6 -> 19780.85 | S2: =+Q2-R2 -> 41475
A4: 43095 | B4: SOTRAM | C4: DECHET BATTERIE | D4: kg | E4: 36100 | F4: 1.45 | G4: =F4*E4 -> 52345 | H4: =G4*0.18 -> 9422.1 | I4: =(G4+H4)*1% -> 617.671 | J4: =I4+H4+G4+0.5 -> 62385.271
A5: 43098 | B5: SOTRAM | C5: DECHET BATTERIE | D5: kg | E5: 34540 | F5: 1.45 | G5: =F5*E5 -> 50083 | H5: =G5*0.18 -> 9014.94 | I5: =(G5+H5)*1% -> 590.9794 | J5: =I5+H5+G5+0.5 -> 59689.419
J6: -42385.785
A7: RELIQUAT | J7: =SUM(J4:J6) -> 79688.905

Sheet CT
A1: Adr fact | B1: Nom | C1: Cheque | D1: Banque | E1: Antidatée | F1: Amount
A2: 7X02000 | B2: CLIENT PASSAGER - GAFSA | C2: 0103955 | D2: ATTIJRI | E2: 43342 | F2: 376.64
A3: 1r02247 | B3: SO.CO.PI | C3: 4001737 | D3: bq zait | E3: 43343 | F3: 964.35
A4: 1r01509 | B4: STE JAMEL AUTO | C4: 4000206 | D4: bq zait | E4: 43350 | F4: 920
A5: 1R01567 | B5: STE AVENIR AUTO | C5: 6261252 | D5: ATB | E5: 43350 | F5: 1726.55
A6: 1r02245 | B6: STE SUD MOTORS SRVIVES AUTO | C6: 8226810 | D6: uib | E6: 43350 | F6: 976.71
A7: 1r03124 | B7: STE MEDHIOUB PIECES AUTOS | C7: 0001116 | D7: biat | E7: 43350 | F7: 1582.57
A8: 3R18053 | B8: HACHICHA THAMEUR | C8: 8840231 | D8: BH | E8: 43350 | F8: 1000
A9: 3R18207 | B9: SMAOUI MOHSEN | C9: 0004171 | D9: BIAT | E9: 43350 | F9: 694.76
A10: 3R18234 | B10: STE CDTPR | C10: 0005438 | D10: BIAT | E10: 43350 | F10: 2148.29
A11: 4R12263 | B11: GRAJA NIZAR "GENERAL AUTO" | C11: 6598607 | D11: ATB | E11: 43350 | F11: 1006.04
A12: 4R13134 | B12: STE MEMMI-AUTO ET COMPAGNIES | C12: 1138590 | D12: BNA | E12: 43350 | F12: 7536.06
A13: 6R21169 | B13: STE MBABET AUTO | C13: 0004055 | D13: QNB | E13: 43351 | F13: 653.46
... A183: 1r05166 | B183: STE GHAMMAM ET CIE | C183: 0000710 | D183: biat | E183: 43364 | F183: 600
A184: 4R12263 | B184: GRAJA NIZAR "GENERAL AUTO" | E184: 43364 | F184: 1000
A185: 6R23152 | B185: GHRIBI ABDELMOUTALAB B.AMMAR | C185: 0000592 | D185: STB | E185: 43365 | F185: 2000
A186: 8R10044 | B186: HAJJAJI NASREDDINE | C186: 7549363 | D186: BH | E186: 43365 | F186: 2250
A187: 1r01480 | B187: STE HADJ AUTO | C187: 8119208 | D187: bh | E187: 43365 | F187: 5069.12
A188: 1R05171 | B188: STE L'HORIZON DE PIECES DE | C188: 0003036 | D188: STB | E188: 43365 | F188: 900
A189: 1R06020 | B189: STE MED ALI DE PIECES DE | C189: 0000067 | D189: STB | E189: 43365 | F189: 545
A190: 6R23139 | B190: AWADNI MAATOUG | C190: 0001977 | D190: BIAT | E190: 43366 | F190: 670
A191: 1R05103 | B191: JALEL BEN AHMED EL GABSI | C191: 0004703 | D191: STB | E191: 43366 | F191: 963
A192: 1r05192 | B192: STE BATTERY CENTER | C192: 5716281 | D192: al barak | E192: 43366 | F192: 10000
A193: 1r05211 | B193: STE EL HAMDI PIECES.RECHANGE | C193: 0001259 | D193: stb | E193: 43366 | F193: 1471.23
A194: 4R15037 | B194: STE MAHDIA AUTO | C194: 7940418 | D194: UIB | E194: 43366 | F194: 2380
A195: 6r21118 | B195: ETS SALAH KOTNI 2 | C195: 8966274 | D195: amen | E195: 43367 | F195: 573.81
A196: 6R21175 | B196: KHROUF BAGHDADI B BOULBABA | C196: 9440780 | D196: AMEN | E196: 43367 | F196: 1445
... A1152: 4R12236 | B1152: STE ELECTRICIA AUTO | C1152: 8545130 | D1152: UIB | E1152: 43523 | F1152: 10484.43

Sheet TR
A1: Adr fact | B1: Nom | C1: Echéance | D1: Montant
A2: 4R13138 | B2: ASMA BENT MOKHTAR ESSID | C2: 43350 | D2: 1749.337
A3: 4R13138 | B3: ASMA BENT MOKHTAR ESSID | C3: 43353 | D3: 1937.334
A4: 4R13138 | B4: ASMA BENT MOKHTAR ESSID | C4: 43362 | D4: 2000
A5: 4R13138 | B5: ASMA BENT MOKHTAR ESSID | C5: 43370 | D5: 2000
A6: 4R13138 | B6: ASMA BENT MOKHTAR ESSID | C6: 43373 | D6: 2000
A7: 4R12182 | B7: S T A A S | C7: 43403 | D7: 1475.378
A8: 7R22002 | B8: STE GLE DE COMMERCE PIECES | C8: 43403 | D8: 3150.247
A9: 1R02228 | B9: SODIST | C9: 43404 | D9: 2173.112
A10: 4R14015 | B10: STE EL GHARBI EQUIP.GENERAL | C10: 43413 | D10: 1973
A11: 4R12264 | B11: STE AUTOS BRAKES | C11: 43414 | D11: 1560.107
A12: 1R02196 | B12: SOCIETE SOPI | C12: 43419 | D12: 740
A13: 7R19069 | B13: HOUCINE B. ABDELHAMID BOUONI | C13: 43419 | D13: 3216.873
... A75: 3R18068 | B75: MOHAMED GHARIANI | C75: 43517 | D75: 12852.422

Sheet SNA
A1: TYPE | B1: DESIGN | C1: OP N° | D1: DATE-OP | E1: DATE-RECU | F1: MT OUV | G1: REG | I1: MT | J1: Échéance | K1: N° CHQ | L1: STATUT
A2: CH | B2: UNIVERS AUTOMATISME | C2: 00012427 | D2: 43328 | F2: =SUM(I2*G2) -> 1230.162 | G2: 1 | H2: =IF(E2="",1,0) -> 1 | I2: 1230.162 | J2: =+D2 -> 43328 | K2: 0002379 | L2: EN SIGNATURE
A3: CH | B3: STE ESSAADA | C3: 00012429 | D3: 43328 | F3: =SUM(I3*G3) -> 350 | G3: 1 | H3: =IF(E3="",1,0) -> 1 | I3: 350 | J3: =+D3 -> 43328 | K3: 0002380 | L3: EN SIGNATURE
A4: CH | B4: CHIMEX | C4: 00012431 | D4: 43328 | F4: =SUM(I4*G4) -> 7682.222 | G4: 1 | H4: =IF(E4="",1,0) -> 1 | I4: 7682.222 | J4: =+D4 -> 43328 | K4: 0002381 | L4: EN SIGNATURE
A5: CH | B5: FBI | C5: 00012433 | D5: 43328 | F5: =SUM(I5*G5) -> 765.77 | G5: 1 | H5: =IF(E5="",1,0) -> 1 | I5: 765.77 | J5: =+D5 -> 43328 | K5: 0002382 | L5: EN SIGNATURE
A6: CH | B6: LOUKIL VEHICULES INDUSTRIELS | C6: 00012434 | D6: 43328 | F6: =SUM(I6*G6) -> 1307.487 | G6: 1 | H6: =IF(E6="",1,0) -> 1 | I6: 1307.487 | J6: =+D6 -> 43328 | K6: 0002383 | L6: EN SIGNATURE
A7: CH | B7: COMPTOIR HAMMAMI | C7: 00012437 | D7: 43328 | F7: =SUM(I7*G7) -> 2879.033 | G7: 1 | H7: =IF(E7="",1,0) -> 1 | I7: 2879.033 | J7: =+D7 -> 43328 | K7: 0002384 | L7: EN SIGNATURE
A8: CH | B8: STE MOHSEN GUEDRI | C8: 00012438 | D8: 43328 | F8: =SUM(I8*G8) -> 1312.726 | G8: 1 | H8: =IF(E8="",1,0) -> 1 | I8: 1312.726 | J8: =+D8 -> 43328 | K8: 0002385 | L8: EN SIGNATURE
A9: CH | B9: CHIMEX | C9: 00012439 | D9: 43328 | F9: =SUM(I9*G9) -> 8008.06 | G9: 1 | H9: =IF(E9="",1,0) -> 1 | I9: 8008.06 | J9: =+D9 -> 43328 | K9: 0002386 | L9: EN SIGNATURE
A10: CH | B10: STE EL WAHRA DES TRX PUBLIC | C10: 00012440 | D10: 43328 | F10: =SUM(I10*G10) -> 22994.314 | G10: 1 | H10: =IF(E10="",1,0) -> 1 | I10: 22994.314 | J10: =+D10 -> 43328 | K10: 0002387 | L10: EN SIGNATURE
A11: CH | B11: FOURNISSEURS ACHATS | C11: 00012441 | D11: 43328 | F11: =SUM(I11*G11) -> 250 | G11: 1 | H11: =IF(E11="",1,0) -> 1 | I11: 250 | J11: =+D11 -> 43328 | K11: 0002388 | L11: EN SIGNATURE
A12: CH | B12: TAREK HADJ AMOR | C12: 00012442 | D12: 43328 | F12: =SUM(I12*G12) -> 621.81 | G12: 1 | H12: =IF(E12="",1,0) -> 1 | I12: 621.81 | J12: =+D12 -> 43328 | K12: 0002389 | L12: EN SIGNATURE
A13: CH | B13: STIRELEC COMMERCE | C13: 00012443 | D13: 43328 | F13: =SUM(I13*G13) -> 1329.622 | G13: 1 | H13: =IF(E13="",1,0) -> 1 | I13: 1329.622 | J13: =+D13 -> 43328 | K13: 0002390 | L13: EN SIGNATURE
... A15: CH | B15: TECHNIC SERVICES PNEUS | C15: 00012450 | D15: 43329 | F15: =SUM(I15*G15) -> 2508.507 | G15: 1 | H15: =IF(E15="",1,0) -> 1 | I15: 2508.507 | J15: =+D15 -> 43329 | K15: 0002397 | L15: EN SIGNATURE
A16: TR | B16: EQUIPEMENT MODERNE | C16: 00012432 | D16: 43328 | F16: =SUM(I16*G16) -> 503.413 | G16: 1 | H16: =IF(E16="",1,0) -> 1 | I16: 503.413 | J16: 43378 | K16: TR01380 | L16: EN SIGNATURE
A17: TR | B17: EL WIFEK | C17: 00012428 | D17: 43328 | F17: =SUM(I17*G17) -> 436.443 | G17: 1 | H17: =IF(E17="",1,0) -> 1 | I17: 436.443 | J17: 43383 | K17: TR01378 | L17: EN SIGNATURE
A18: TR | B18: SOCIETE REVOLON | C18: 00012436 | D18: 43328 | F18: =SUM(I18*G18) -> 309.029 | G18: 1 | H18: =IF(E18="",1,0) -> 1 | I18: 309.029 | J18: 43393 | K18: TR01382 | L18: EN SIGNATURE
A19: TR | B19: LYS IMPRESSION | C19: 00012425 | D19: 43328 | F19: =SUM(I19*G19) -> 16184.472 | G19: 1 | H19: =IF(E19="",1,0) -> 1 | I19: 16184.472 | J19: 43409 | K19: TR01376 | L19: EN SIGNATURE
A20: TR | B20: LYS IMPRESSION | C20: 00012426 | D20: 43328 | F20: =SUM(I20*G20) -> 5901.835 | G20: 1 | H20: =IF(E20="",1,0) -> 1 | I20: 5901.835 | J20: 43419 | K20: TR01377 | L20: EN SIGNATURE
A21: TR | B21: GENERAL INCENDIE | C21: 00012430 | D21: 43328 | F21: =SUM(I21*G21) -> 2340.789 | G21: 1 | H21: =IF(E21="",1,0) -> 1 | I21: 2340.789 | J21: 43419 | K21: TR01379 | L21: EN SIGNATURE
A22: TR | B22: Boudrant | C22: 00012435 | D22: 43328 | F22: =SUM(I22*G22) -> 862.166 | G22: 1 | H22: =IF(E22="",1,0) -> 1 | I22: 862.166 | J22: 43419 | K22: TR01381 | L22: EN SIGNATURE
A23: CH | B23: STE TOP ETANCHEITE | C23: 00010563 | D23: 42951 | F23: =SUM(I23*G23) -> 612.505 | G23: 1 | H23: =IF(E23="",1,0) -> 1 | I23: 612.505 | J23: =+D23 -> 42951 | K23: 0000789 | L23: FINANCE
A24: CH | B24: STE TOP ETANCHEITE | C24: 00010581 | D24: 42958 | F24: =SUM(I24*G24) -> 350.947 | G24: 1 | H24: =IF(E24="",1,0) -> 1 | I24: 350.947 | J24: =+D24 -> 42958 | K24: 0000803 | L24: FINANCE
A25: CH | B25: SOGAM | C25: 00010711 | D25: 42990 | F25: =SUM(I25*G25) -> 183.9 | G25: 1 | H25: =IF(E25="",1,0) -> 1 | I25: 183.9 | J25: =+D25 -> 42990 | K25: 0000917 | L25: FINANCE
A26: CH | B26: STE TOP ETANCHEITE | C26: 00010714 | D26: 42990 | F26: =SUM(I26*G26) -> 397.688 | G26: 1 | H26: =IF(E26="",1,0) -> 1 | I26: 397.688 | J26: =+D26 -> 42990 | K26: 0000919 | L26: FINANCE
A27: CH | B27: SOTUVENT | C27: 00011145 | D27: 43066 | F27: =SUM(I27*G27) -> 143.516 | G27: 1 | H27: =IF(E27="",1,0) -> 1 | I27: 143.516 | J27: =+D27 -> 43066 | K27: 0001292 | L27: FINANCE
A28: CH | B28: STE TOP ETANCHEITE | C28: 00011884 | D28: 43203 | F28: =SUM(I28*G28) -> 201.91 | G28: 1 | H28: =IF(E28="",1,0) -> 1 | I28: 201.91 | J28: =+D28 -> 43203 | K28: 0001917 | L28: FINANCE
A29: CH | B29: SUMP | C29: 00011951 | D29: 43217 | F29: =SUM(I29*G29) -> 307.085 | G29: 1 | H29: =IF(E29="",1,0) -> 1 | I29: 307.085 | J29: =+D29 -> 43217 | K29: 0001974 | L29: FINANCE
A30: CH | B30: ROYALTYRE | C30: 00012048 | D30: 43243 | F30: =SUM(I30*G30) -> 997.737 | G30: 1 | H30: =IF(E30="",1,0) -> 1 | I30: 997.737 | J30: =+D30 -> 43243 | K30: 0002057 | L30: FINANCE
A31: CH | B31: RFT | C31: 00012067 | D31: 43250 | F31: =SUM(I31*G31) -> 988.3 | G31: 1 | H31: =IF(E31="",1,0) -> 1 | I31: 988.3 | J31: =+D31 -> 43250 | K31: 0002076 | L31: FINANCE
A32: CH | B32: H2M | C32: 00012074 | D32: 43250 | F32: =SUM(I32*G32) -> 339.75 | G32: 1 | H32: =IF(E32="",1,0) -> 1 | I32: 339.75 | J32: =+D32 -> 43250 | K32: 0002080 | L32: FINANCE
A33: CH | B33: MODELEC | C33: 00012165 | D33: 43276 | F33: =SUM(I33*G33) -> 355.914 | G33: 1 | H33: =IF(E33="",1,0) -> 1 | I33: 355.914 | J33: =+D33 -> 43276 | K33: 0002160 | L33: FINANCE
A34: CH | B34: LAD OCEANA LUBRICANTS | C34: 00012169 | D34: 43276 | F34: =SUM(I34*G34) -> 784.781 | G34: 1 | H34: =IF(E34="",1,0) -> 1 | I34: 784.781 | J34: =+D34 -> 43276 | K34: 0002162 | L34: FINANCE
... A47: CH | B47: PMGI | C47: 00012336 | D47: 43312 | F47: =SUM(I47*G47) -> 3224.004 | G47: 1 | H47: =IF(E47="",1,0) -> 1 | I47: 3224.004 | J47: =+D47 -> 43312 | K47: 0002307 | L47: FINANCE
A48: TR | B48: EQUIPEMENT MODERNE HARDWARE | C48: 00012215 | D48: 43284 | F48: =SUM(I48*G48) -> 505.813 | G48: 1 | H48: =IF(E48="",1,0) -> 1 | I48: 505.813 | J48: 43317 | K48: TR01338 | L48: FINANCE
A49: CH | B49: FIXNGO | C49: 00012376 | D49: 43318 | F49: =SUM(I49*G49) -> 146.628 | G49: 1 | H49: =IF(E49="",1,0) -> 1 | I49: 146.628 | J49: =D49 -> 43318 | K49: 0002340 | L49: FINANCE
A50: CH | B50: BSA | C50: 00012377 | D50: 43318 | F50: =SUM(I50*G50) -> 161.25 | G50: 1 | H50: =IF(E50="",1,0) -> 1 | I50: 161.25 | J50: =D50 -> 43318 | K50: 0002341 | L50: FINANCE
A51: CH | B51: SSP | C51: 00012378 | D51: 43318 | F51: =SUM(I51*G51) -> 5979.148 | G51: 1 | H51: =IF(E51="",1,0) -> 1 | I51: 5979.148 | J51: =D51 -> 43318 | K51: 0002343 | L51: FINANCE
A52: CH | B52: STE MOHSEN GUEDRI | C52: 00012379 | D52: 43318 | E52: 43336 | F52: =SUM(I52*G52) -> 1055.569 | G52: 1 | H52: =IF(E52="",1,0) -> 0 | I52: 1055.569 | J52: =D52 -> 43318 | K52: 0002344
A53: CH | B53: STE GHARBI SOFIEN | C53: 00012380 | D53: 43318 | F53: =SUM(I53*G53) -> 115.975 | G53: 1 | H53: =IF(E53="",1,0) -> 1 | I53: 115.975 | J53: =D53 -> 43318 | K53: 0002345 | L53: FINANCE
A54: CH | B54: HASSEN GHARBI | C54: 00012381 | D54: 43318 | F54: =SUM(I54*G54) -> 330 | G54: 1 | H54: =IF(E54="",1,0) -> 1 | I54: 330 | J54: =D54 -> 43318 | K54: 0002346 | L54: FINANCE
A55: CH | B55: MORGAN CARBON TUNISIA | C55: 00012382 | D55: 43318 | F55: =SUM(I55*G55) -> 701.975 | G55: 1 | H55: =IF(E55="",1,0) -> 1 | I55: 701.975 | J55: =D55 -> 43318 | K55: 0002347 | L55: FINANCE
A56: CH | B56: LIN | C56: 00012383 | D56: 43318 | F56: =SUM(I56*G56) -> 533.883 | G56: 1 | H56: =IF(E56="",1,0) -> 1 | I56: 533.883 | J56: =D56 -> 43318 | K56: 0002348 | L56: FINANCE
A57: CH | B57: REBOBINAGE SAMIR BELGACEM | C57: 00012384 | D57: 43318 | F57: =SUM(I57*G57) -> 1034.25 | G57: 1 | H57: =IF(E57="",1,0) -> 1 | I57: 1034.25 | J57: =D57 -> 43318 | K57: 0002349 | L57: FINANCE
A58: CH | B58: REBOBINAGE SAMIR BELGACEM | C58: 00012386 | D58: 43318 | F58: =SUM(I58*G58) -> 120 | G58: 1 | H58: =IF(E58="",1,0) -> 1 | I58: 120 | J58: =D58 -> 43318 | K58: 0002350 | L58: FINANCE
A59: CH | B59: LES GRANDS ATELIERS DU NORD | C59: 00012395 | D59: 43319 | F59: =SUM(I59*G59) -> 939.284 | G59: 1 | H59: =IF(E59="",1,0) -> 1 | I59: 939.284 | J59: =D59 -> 43319 | K59: 0002357 | L59: FINANCE
A60: CH | B60: ASS MAGHREBIA | C60: 00012396 | D60: 43319 | F60: =SUM(I60*G60) -> 708.467 | G60: 1 | H60: =IF(E60="",1,0) -> 1 | I60: 708.467 | J60: =D60 -> 43319 | K60: 0002358 | L60: FINANCE
A61: TR | B61: SFAXIEN INDUSTRI.AUTOMOBILE | C61: 00012240 | D61: 43287 | F61: =SUM(I61*G61) -> 1839.159 | G61: 1 | H61: =IF(E61="",1,0) -> 1 | I61: 1839.159 | J61: 43337 | K61: TR01344 | L61: FINANCE
A62: TR | B62: Ok polysterene | C62: 00012024 | D62: 43236 | F62: =SUM(I62*G62) -> 2185.545 | G62: 1 | H62: =IF(E62="",1,0) -> 1 | I62: 2185.545 | J62: 43342 | K62: TR01313 | L62: FINANCE
A63: TR | B63: EQUIPEMENT MODERNE | C63: 00012329 | D63: 43311 | F63: =SUM(I63*G63) -> 829.008 | G63: 1 | H63: =IF(E63="",1,0) -> 1 | I63: 829.008 | J63: 43353 | K63: TR01357 | L63: FINANCE
A64: TR | B64: ROYALTYRE | C64: 00012167 | D64: 43276 | F64: =SUM(I64*G64) -> 1320.514 | G64: 1 | H64: =IF(E64="",1,0) -> 1 | I64: 1320.514 | J64: 43363 | K64: TR01330 | L64: FINANCE
A65: TR | B65: SAMIR MBAREK | C65: 00012353 | D65: 43313 | F65: =SUM(I65*G65) -> 2659.502 | G65: 1 | H65: =IF(E65="",1,0) -> 1 | I65: 2659.502 | J65: 43368 | K65: TR01363 | L65: FINANCE
A66: TR | B66: EQUIPEMENT MODERNE | C66: 00012393 | D66: 43319 | F66: =SUM(I66*G66) -> 2390.995 | G66: 1 | H66: =IF(E66="",1,0) -> 1 | I66: 2390.995 | J66: 43378 | K66: TR01371 | L66: FINANCE
A67: TR | B67: NORD INDUSTRIE | C67: 00012389 | D67: 43319 | E67: 43336 | F67: =SUM(I67*G67) -> 5058.184 | G67: 1 | H67: =IF(E67="",1,0) -> 0 | I67: 5058.184 | J67: 43383 | K67: TR01369
A68: TR | B68: NORD INDUSTRIE | C68: 00012413 | D68: 43325 | E68: 43336 | F68: =SUM(I68*G68) -> 4022.566 | G68: 1 | H68: =IF(E68="",1,0) -> 0 | I68: 4022.566 | J68: 43393 | K68: TR01375
A69: TR | B69: Ok polysterene | C69: 00012335 | D69: 43312 | F69: =SUM(I69*G69) -> 2338.264 | G69: 1 | H69: =IF(E69="",1,0) -> 1 | I69: 2338.264 | J69: 43424 | K69: TR01359 | L69: FINANCE
A70: CH | B70: MOTRA | C70: 00012039 | D70: 43241 | E70: 43314 | F70: =SUM(I70*G70) -> 476.6 | G70: 1 | H70: =IF(E70="",1,0) -> 0 | I70: 476.6 | J70: =+D70 -> 43241 | K70: 0002049
A71: CH | B71: LIN | C71: 00012260 | D71: 43293 | E71: 43301 | F71: =SUM(I71*G71) -> 274.633 | G71: 1 | H71: =IF(E71="",1,0) -> 0 | I71: 274.633 | J71: =+D71 -> 43293 | K71: 0002238
A72: CH | B72: RECEVEUR MUNICIPAL ZAGHOUAN | C72: 00012265 | D72: 43293 | E72: 43328 | F72: =SUM(I72*G72) -> 300 | G72: 1 | H72: =IF(E72="",1,0) -> 0 | I72: 300 | J72: =+D72 -> 43293 | K72: 0002242
A73: CH | B73: TUNIMATEC | C73: 00012269 | D73: 43293 | E73: 43312 | F73: =SUM(I73*G73) -> 2559.405 | G73: 1 | H73: =IF(E73="",1,0) -> 0 | I73: 2559.405 | J73: =+D73 -> 43293 | K73: 0002246
A74: CH | B74: TUNISIANET | C74: 00012288 | D74: 43301 | E74: 43311 | F74: =SUM(I74*G74) -> 409.6 | G74: 1 | H74: =IF(E74="",1,0) -> 0 | I74: 409.6 | J74: =+D74 -> 43301 | K74: 0002265
A75: CH | B75: TUNISIE COAL | C75: 00012301 | D75: 43301 | E75: 43329 | F75: =SUM(I75*G75) -> 564.66 | G75: 1 | H75: =IF(E75="",1,0) -> 0 | I75: 564.66 | J75: =+D75 -> 43301 | K75: 0002276
A76: CH | B76: 2RE | C76: 00012303 | D76: 43301 | E76: 43329 | F76: =SUM(I76*G76) -> 450.42 | G76: 1 | H76: =IF(E76="",1,0) -> 0 | I76: 450.42 | J76: =+D76 -> 43301 | K76: 0002277
A77: CH | B77: TUNISIE COAL | C77: 00012305 | D77: 43301 | E77: 43329 | F77: =SUM(I77*G77) -> 4890.801 | G77: 1 | H77: =IF(E77="",1,0) -> 0 | I77: 4890.801 | J77: =+D77 -> 43301 | K77: 0002278
A78: CH | B78: MSC | C78: 00012312 | D78: 43304 | E78: 43312 | F78: =SUM(I78*G78) -> 60.1 | G78: 1 | H78: =IF(E78="",1,0) -> 0 | I78: 60.1 | J78: 43304 | K78: 0002285
A79: CH | B79: AIR LIQUIDE TUNISIE | C79: 00012313 | D79: 43305 | E79: 43311 | F79: =SUM(I79*G79) -> 0 | G79: 0 | H79: =IF(E79="",1,0) -> 0 | I79: 789.713 | J79: 43305 | K79: 0002286
A80: CH | B80: SOFAP | C80: 00012324 | D80: 43311 | E80: 43311 | F80: =SUM(I80*G80) -> 156.788 | G80: 1 | H80: =IF(E80="",1,0) -> 0 | I80: 156.788 | J80: =+D80 -> 43311 | K80: 0002297
A81: TR | B81: MODELEC | C81: 00012172 | D81: 43276 | E81: 43329 | F81: =SUM(I81*G81) -> 361.231 | G81: 1 | H81: =IF(E81="",1,0) -> 0 | I81: 361.231 | J81: 43312 | K81: TR01332
A82: CH | B82: VECTORYS | C82: 00012345 | D82: 43313 | E82: 43315 | F82: =SUM(I82*G82) -> 0 | G82: 1 | H82: =IF(E82="",1,0) -> 0 | I82: 0 | J82: =+D82 -> 43313 | K82: 0002314
A83: CH | B83: LA DOUANE | C83: 00012346 | D83: 43313 | E83: 43315 | F83: =SUM(I83*G83) -> 0 | G83: 0 | H83: =IF(E83="",1,0) -> 0 | I83: 38868.873 | J83: =+D83 -> 43313 | K83: 0002315
A84: CH | B84: CHAMBRE DE COMMERCE | C84: 00012354 | D84: 43313 | E84: 43314 | F84: =SUM(I84*G84) -> 0 | G84: 1 | H84: =IF(E84="",1,0) -> 0 | I84: 0 | J84: =+D84 -> 43313 | K84: 0002320
A85: CH | B85: WORL MARITIME AGENCY | C85: 00012362 | D85: 43315 | E85: 43328 | F85: =SUM(I85*G85) -> 0 | G85: 1 | H85: =IF(E85="",1,0) -> 0 | I85: 0 | J85: =+D85 -> 43315 | K85: 0002328
A86: CH | B86: WORL MARITIME AGENCY | C86: 00012363 | D86: 43315 | E86: 43328 | F86: =SUM(I86*G86) -> 0 | G86: 1 | H86: =IF(E86="",1,0) -> 0 | I86: 0 | J86: =+D86 -> 43315 | K86: 0002329
A87: CH | B87: LA DOUANE | C87: 00012364 | D87: 43315 | E87: 43328 | F87: =SUM(I87*G87) -> 0 | G87: 0 | H87: =IF(E87="",1,0) -> 0 | I87: 190.893 | J87: =+D87 -> 43315 | K87: 0002330
A88: CH | B88: STAM | C88: 00012366 | D88: 43315 | E88: 43328 | F88: =SUM(I88*G88) -> 0 | G88: 1 | H88: =IF(E88="",1,0) -> 0 | I88: 0 | J88: =+D88 -> 43315 | K88: 0002331
A89: OB | B89: LA DOUANE | C89: 00011834 | D89: 43193 | E89: 43200 | F89: =SUM(I89*G89) -> 64243.669 | G89: 1 | H89: =IF(E89="",1,0) -> 0 | I89: 64243.669 | J89: 43315 | K89: OB00088
A90: CH | B90: GLOBAL NET | C90: 00012267 | D90: 43293 | E90: 43318 | F90: =SUM(I90*G90) -> 3965.799 | G90: 1 | H90: =IF(E90="",1,0) -> 0 | I90: 3965.799 | J90: 43317 | K90: 0002244
A91: CH | B91: CHIMEX | C91: 00012388 | D91: 43318 | E91: 43329 | F91: =SUM(I91*G91) -> 8309.46 | G91: 1 | H91: =IF(E91="",1,0) -> 0 | I91: 8309.46 | J91: =D91 -> 43318 | K91: 0002353
A92: ch | B92: STE NOUVELLE DU COMPTOIR | C92: 00012391 | D92: 43319 | E92: 43329 | F92: =SUM(I92*G92) -> 639.202 | G92: 1 | H92: =IF(E92="",1,0) -> 0 | I92: 639.202 | J92: =D92 -> 43319 | K92: 0002354
A93: ch | B93: TAREK HADJ AMOR | C93: 00012392 | D93: 43319 | E93: 43329 | F93: =SUM(I93*G93) -> 561.05 | G93: 1 | H93: =IF(E93="",1,0) -> 0 | I93: 561.05 | J93: =D93 -> 43319 | K93: 0002355
A94: CH | B94: 2RE | C94: 00012394 | D94: 43319 | E94: 43329 | F94: =SUM(I94*G94) -> 627.992 | G94: 1 | H94: =IF(E94="",1,0) -> 0 | I94: 627.992 | J94: =D94 -> 43319 | K94: 0002356
A95: CH | B95: TUNISIE TELECOM ( FIXE ) | C95: 00012397 | D95: 43319 | E95: 43329 | F95: =SUM(I95*G95) -> 978.59 | G95: 1 | H95: =IF(E95="",1,0) -> 0 | I95: 978.59 | J95: =D95 -> 43319 | K95: 0002359
A96: CH | B96: ARGUS PIECES AUTO | C96: 00012399 | D96: 43320 | E96: 43329 | F96: =SUM(I96*G96) -> 190.619 | G96: 1 | H96: =IF(E96="",1,0) -> 0 | I96: 190.619 | J96: =D96 -> 43320 | K96: 0002361
A97: CH | B97: SALAIRE | C97: 00012403 | D97: 43320 | E97: 43322 | F97: =SUM(I97*G97) -> 46.744 | G97: 1 | H97: =IF(E97="",1,0) -> 0 | I97: 46.744 | J97: =D97 -> 43320 | K97: 0002362
A98: CH | B98: SALAIRE | C98: 00012404 | D98: 43320 | E98: 43322 | F98: =SUM(I98*G98) -> 190.658 | G98: 1 | H98: =IF(E98="",1,0) -> 0 | I98: 190.658 | J98: =D98 -> 43320 | K98: 0002363
A99: CH | B99: SALAIRE | C99: 00012409 | D99: 43320 | E99: 43322 | F99: =SUM(I99*G99) -> 48.458 | G99: 1 | H99: =IF(E99="",1,0) -> 0 | I99: 48.458 | J99: =D99 -> 43320 | K99: 0002364
A100: CH | B100: PRÊT | C100: 00012406 | D100: 43320 | E100: 43322 | F100: =SUM(I100*G100) -> 500 | G100: 1 | H100: =IF(E100="",1,0) -> 0 | I100: 500 | J100: =D100 -> 43320 | K100: 0002365
A101: CH | B101: AIR LIQUIDE TUNISIE | C101: 00012410 | D101: 43321 | E101: 43328 | F101: =SUM(I101*G101) -> 789.713 | G101: 1 | H101: =IF(E101="",1,0) -> 0 | I101: 789.713 | J101: =D101 -> 43321 | K101: 0002368
A102: CH | B102: COMMUNE ZRIBA | C102: 00012414 | D102: 43325 | E102: 43328 | F102: =SUM(I102*G102) -> 1344 | G102: 1 | H102: =IF(E102="",1,0) -> 0 | I102: 1344 | J102: =+D102 -> 43325 | K102: 0002370
A103: CH | B103: CAISSE | C103: 00012445 | D103: 43328 | E103: 43328 | F103: =SUM(I103*G103) -> 1018.094 | G103: 1 | H103: =IF(E103="",1,0) -> 0 | I103: 1018.094 | J103: =+D103 -> 43328 | K103: 0002392
A104: CH | B104: FOURNISSEURS ACHATS | C104: 00012446 | D104: 43328 | E104: 43328 | F104: =SUM(I104*G104) -> 420.432 | G104: 1 | H104: =IF(E104="",1,0) -> 0 | I104: 420.432 | J104: =+D104 -> 43328 | K104: 0002393
A105: CH | B105: SALAIRE | C105: 00012449 | D105: 43328 | E105: 43328 | F105: =SUM(I105*G105) -> 783.948 | G105: 1 | H105: =IF(E105="",1,0) -> 0 | I105: 783.948 | J105: =+D105 -> 43328 | K105: 0002396
A106: TR | B106: Ok polysterene | C106: 00011940 | D106: 43216 | E106: 43228 | F106: =SUM(I106*G106) -> 1925.566 | G106: 1 | H106: =IF(E106="",1,0) -> 0 | I106: 1925.566 | J106: 43328 | K106: TR01302
A107: CH | B107: KAIS TAYACHI | C107: 00012451 | D107: 43329 | E107: 43329 | F107: =SUM(I107*G107) -> 98500 | G107: 1 | H107: =IF(E107="",1,0) -> 0 | I107: 98500 | J107: =+D107 -> 43329 | K107: 0002398
A108: CH | B108: KAIS TAYACHI | C108: 00012452 | D108: 43329 | E108: 43329 | F108: =SUM(I108*G108) -> 98500 | G108: 1 | H108: =IF(E108="",1,0) -> 0 | I108: 98500 | J108: =+D108 -> 43329 | K108: 0002399
A109: TR | B109: ENK | C109: 00011636 | D109: 43157 | E109: 43157 | F109: =SUM(I109*G109) -> 24625 | G109: 1 | H109: =IF(E109="",1,0) -> 0 | I109: 24625 | J109: 43332 | K109: TR01259
A110: TR | B110: LYS IMPRESSION | C110: 00012099 | D110: 43255 | E110: 43263 | F110: =SUM(I110*G110) -> 1227.674 | G110: 1 | H110: =IF(E110="",1,0) -> 0 | I110: 1227.674 | J110: 43332 | K110: tr01326
A111: TR | B111: EQUIPEMENT MODERNE | C111: 00012230 | D111: 43286 | E111: 43308 | F111: =SUM(I111*G111) -> 807.014 | G111: 1 | H111: =IF(E111="",1,0) -> 0 | I111: 807.014 | J111: 43332 | K111: TR01342
A112: TR | B112: STE UNIVERSAL DES METAUX | C112: 00012368 | D112: 43315 | E112: 43318 | F112: =SUM(I112*G112) -> 72626.3 | G112: 1 | H112: =IF(E112="",1,0) -> 0 | I112: 72626.3 | J112: 43332 | K112: TR01365
A113: TR | B113: GENERAL INCENDIE | C113: 00012212 | D113: 43284 | E113: 43320 | F113: =SUM(I113*G113) -> 7180.01 | G113: 1 | H113: =IF(E113="",1,0) -> 0 | I113: 7180.01 | J113: 43337 | K113: TR01335
...

Sheet STA
A1: TYPE | B1: DESIGN | C1: OP N° | D1: DATE-OP | E1: DATE-RECU | F1: MT OUV | G1: REG | I1: MT | J1: Échéance | K1: N° CHQ | L1: STATUT
A2: CH | B2: S. T. E. G. | C2: 00013440 | D2: 43328 | F2: =SUM(I2*G2) -> 13688.551 | G2: 1 | H2: =IF(E2="",1,0) -> 1 | I2: 13688.551 | J2: 43337 | K2: 0004672 | L2: EN SIGNATURE
A3: CH | B3: ISST | C3: 00012526 | D3: 42850 | F3: =SUM(I3*G3) -> 684 | G3: 1 | H3: =IF(E3="",1,0) -> 1 | I3: 684 | J3: =+D3 -> 42850 | K3: 0003890 | L3: FINANCE
A4: CH | B4: ISST | C4: 00012668 | D4: 42921 | F4: =SUM(I4*G4) -> 684 | G4: 1 | H4: =IF(E4="",1,0) -> 1 | I4: 684 | J4: =+D4 -> 42921 | K4: 0004009 | L4: FINANCE
A5: CH | B5: STE BEN MASSOUD FRERES | C5: 00012824 | D5: 42997 | F5: =SUM(I5*G5) -> 83.1 | G5: 1 | H5: =IF(E5="",1,0) -> 1 | I5: 83.1 | J5: =+D5 -> 42997 | K5: 0004141 | L5: FINANCE
A6: CH | B6: MAISON DE LA BALANCE | C6: 00012911 | D6: 43033 | F6: =SUM(I6*G6) -> 212.9 | G6: 1 | H6: =IF(E6="",1,0) -> 1 | I6: 212.9 | J6: =+D6 -> 43033 | K6: 0004223 | L6: FINANCE
A7: CH | B7: PNA | C7: 00013212 | D7: 43160 | F7: =SUM(I7*G7) -> 111.156 | G7: 1 | H7: =IF(E7="",1,0) -> 1 | I7: 111.156 | J7: =+D7 -> 43160 | K7: 0004490 | L7: FINANCE
A8: TR | B8: Ok polysterene | C8: 00012972 | D8: 43060 | F8: =SUM(I8*G8) -> 1992.405 | G8: 1 | H8: =IF(E8="",1,0) -> 1 | I8: 1992.405 | J8: 43174 | K8: TR01166 | L8: FINANCE
A9: CH | B9: PNA | C9: 00013315 | D9: 43209 | F9: =SUM(I9*G9) -> 160.665 | G9: 1 | H9: =IF(E9="",1,0) -> 1 | I9: 160.665 | J9: =+D9 -> 43209 | K9: 0004562 | L9: FINANCE
A10: TR | B10: Ok polysterene | C10: 00013259 | D10: 43166 | F10: =SUM(I10*G10) -> 1992.405 | G10: 1 | H10: =IF(E10="",1,0) -> 1 | I10: 1992.405 | J10: 43210 | K10: TR01183 | L10: FINANCE
A11: CH | B11: STE BEN MASSOUD FRERES | C11: 00013381 | D11: 43276 | F11: =SUM(I11*G11) -> 143.4 | G11: 1 | H11: =IF(E11="",1,0) -> 1 | I11: 143.4 | J11: =+D11 -> 43276 | K11: 0004620 | L11: FINANCE
A12: CH | B12: FIXNGO | C12: 00013384 | D12: 43276 | F12: =SUM(I12*G12) -> 81.971 | G12: 1 | H12: =IF(E12="",1,0) -> 1 | I12: 81.971 | J12: =+D12 -> 43276 | K12: 0004622 | L12: FINANCE
A13: CH | B13: ROMULUS VOYAGE | C13: 00013385 | D13: 43278 | F13: =SUM(I13*G13) -> 2780.25 | G13: 1 | H13: =IF(E13="",1,0) -> 1 | I13: 2780.25 | J13: =+D13 -> 43278 | K13: 0004623 | L13: FINANCE
A14: TR | B14: Ok polysterene | C14: 00013259 | D14: 43166 | F14: =SUM(I14*G14) -> 2009.385 | G14: 1 | H14: =IF(E14="",1,0) -> 1 | I14: 2009.385 | J14: 43281 | K14: TR01197 | L14: FINANCE
A15: CH | B15: GENERAL INCENDIE | C15: 00013400 | D15: 43287 | F15: =SUM(I15*G15) -> 143.4 | G15: 1 | H15: =IF(E15="",1,0) -> 1 | I15: 143.4 | J15: =+D15 -> 43287 | K15: 0004638 | L15: FINANCE
A16: CH | B16: SOCIETE BEN ALIA FRERES | C16: 00013414 | D16: 43304 | F16: =SUM(I16*G16) -> 72 | G16: 1 | H16: =IF(E16="",1,0) -> 1 | I16: 72 | J16: =+D16 -> 43304 | K16: 0004651 | L16: FINANCE
A17: CH | B17: FBI | C17: 00013432 | D17: 43319 | F17: =SUM(I17*G17) -> 133.345 | G17: 1 | H17: =IF(E17="",1,0) -> 1 | I17: 133.345 | J17: =+D17 -> 43319 | K17: 0004665 | L17: FINANCE
A18: CH | B18: SSP | C18: 00013433 | D18: 43319 | F18: =SUM(I18*G18) -> 4982.229 | G18: 1 | H18: =IF(E18="",1,0) -> 1 | I18: 4982.229 | J18: =+D18 -> 43319 | K18: 0004666 | L18: FINANCE
A19: CH | B19: OOREDOO | C19: 00013434 | D19: 43319 | F19: =SUM(I19*G19) -> 1045.733 | G19: 1 | H19: =IF(E19="",1,0) -> 1 | I19: 1045.733 | J19: =+D19 -> 43319 | K19: 0004667 | L19: FINANCE
A20: TR | B20: T V I | C20: 00013408 | D20: 43293 | E20: 43290 | F20: =SUM(I20*G20) -> 2207.273 | G20: 1 | H20: =IF(E20="",1,0) -> 0 | I20: 2207.273 | J20: =+D20 -> 43293 | K20: TR01208
A21: CH | B21: TUNISIE TELECOM ( FIXE ) | C21: 00013423 | D21: 43312 | E21: 43322 | F21: =SUM(I21*G21) -> 64.735 | G21: 1 | H21: =IF(E21="",1,0) -> 0 | I21: 64.735 | J21: =+D21 -> 43312 | K21: 0004660
A22: CH | B22: TUNISIE TELECOM ( FIXE ) | C22: 00013430 | D22: 43313 | E22: 43322 | F22: =SUM(I22*G22) -> 2319.575 | G22: 1 | H22: =IF(E22="",1,0) -> 0 | I22: 2319.575 | J22: 43313 | K22: 0004663
A23: CH | B23: GLOBAL NET | C23: 00013407 | D23: 43293 | E23: 43318 | F23: =SUM(I23*G23) -> 1689.214 | G23: 1 | H23: =IF(E23="",1,0) -> 0 | I23: 1689.214 | J23: 43317 | K23: 0004644
A24: CH | B24: SALAIRE | C24: 00013441 | D24: 43329 | E24: 43329 | F24: =SUM(I24*G24) -> 502.815 | G24: 1 | H24: =IF(E24="",1,0) -> 0 | I24: 502.815 | J24: =D24 -> 43329 | K24: 0004673
A25: TR | B25: GENERAL INCENDIE | C25: 00013380 | D25: 43276 | E25: 43320 | F25: =SUM(I25*G25) -> 848.421 | G25: 1 | H25: =IF(E25="",1,0) -> 0 | I25: 848.421 | J25: 43337 | K25: TR01206
A26: TR | B26: SITEM | C26: 00013429 | D26: 43313 | E26: 43320 | F26: =SUM(I26*G26) -> 3282.611 | G26: 1 | H26: =IF(E26="",1,0) -> 0 | I26: 3282.611 | J26: 43368 | K26: TR01209
A27: OB | B27: LA DOUANE | C27: 00013394 | D27: 43284 | E27: 43285 | F27: =SUM(I27*G27) -> 61824.585 | G27: 1 | H27: =IF(E27="",1,0) -> 0 | I27: 61824.585 | J27: 43376 | K27: OB00072

Sheet SND
A1: TYPE | B1: DESIGN | C1: OP N° | D1: DATE-OP | E1: DATE-RECU | F1: MT OUV | G1: REG | I1: MT | J1: Échéance | K1: N° CHQ | L1: STATUT
A2: CH | B2: HELA SEMMERI | C2: 00005927 | D2: 43105 | F2: =SUM(I2*G2) -> 522.746 | G2: 1 | H2: =IF(E2="",1,0) -> 1 | I2: 522.746 | J2: =D2 -> 43105 | K2: 0000507 | L2: FINANCE
A3: CH | B3: REFLEX NUMERIQUE | C3: 00006038 | D3: 43157 | F3: =SUM(I3*G3) -> 1485.167 | G3: 1 | H3: =IF(E3="",1,0) -> 1 | I3: 1485.167 | J3: =D3 -> 43157 | K3: 0000561 | L3: FINANCE
A4: CH | B4: BSA | C4: 00006195 | D4: 43216 | F4: =SUM(I4*G4) -> 143.4 | G4: 1 | H4: =IF(E4="",1,0) -> 1 | I4: 143.4 | J4: =D4 -> 43216 | K4: 0000644 | L4: FINANCE
A5: CH | B5: FIXNGO | C5: 00006320 | D5: 43273 | F5: =SUM(I5*G5) -> 472.171 | G5: 1 | H5: =IF(E5="",1,0) -> 1 | I5: 472.171 | J5: =D5 -> 43273 | K5: 0000705 | L5: FINANCE
A6: CH | B6: SALAIRE | C6: 00006357 | D6: 43284 | E6: 43332 | F6: =SUM(I6*G6) -> 702.184 | G6: 1 | H6: =IF(E6="",1,0) -> 0 | I6: 702.184 | J6: =D6 -> 43284 | K6: 0000720 | L6: FINANCE
A7: CH | B7: ZRIBI MAKRAM | C7: 00006362 | D7: 43284 | F7: =SUM(I7*G7) -> 95.2 | G7: 1 | H7: =IF(E7="",1,0) -> 1 | I7: 95.2 | J7: =D7 -> 43284 | K7: 0000724 | L7: FINANCE
A8: CH | B8: ZRIBI MAKRAM | C8: 00006375 | D8: 43287 | F8: =SUM(I8*G8) -> 303.45 | G8: 1 | H8: =IF(E8="",1,0) -> 1 | I8: 303.45 | J8: =D8 -> 43287 | K8: 0000730 | L8: FINANCE
A9: CH | B9: STE REGUIGUI PNEUMATIQUE | C9: 00006376 | D9: 43287 | E9: 43336 | F9: =SUM(I9*G9) -> 996.682 | G9: 1 | H9: =IF(E9="",1,0) -> 0 | I9: 996.682 | J9: =D9 -> 43287 | K9: 0000731 | L9: FINANCE
A10: CH | B10: GENERAL INCENDIE | C10: 00006379 | D10: 43287 | F10: =SUM(I10*G10) -> 44.63 | G10: 1 | H10: =IF(E10="",1,0) -> 1 | I10: 44.63 | J10: =D10 -> 43287 | K10: 0000734 | L10: FINANCE
A11: CH | B11: FIXNGO | C11: 00006435 | D11: 43314 | F11: =SUM(I11*G11) -> 152.577 | G11: 1 | H11: =IF(E11="",1,0) -> 1 | I11: 152.577 | J11: =D11 -> 43314 | K11: 0000764 | L11: FINANCE
A12: CH | B12: FIXNGO | C12: 00006451 | D12: 43321 | F12: =SUM(I12*G12) -> 342.826 | G12: 1 | H12: =IF(E12="",1,0) -> 1 | I12: 342.826 | J12: =+D12 -> 43321 | K12: 0000769 | L12: FINANCE
A13: CH | B13: ooredoo | C13: 00006452 | D13: 43321 | F13: =SUM(I13*G13) -> 717.108 | G13: 1 | H13: =IF(E13="",1,0) -> 1 | I13: 717.108 | J13: =+D13 -> 43321 | K13: 0000770 | L13: FINANCE
A14: CH | B14: STE HAJ AUTO | C14: 00006461 | D14: 43327 | F14: =SUM(I14*G14) -> 714.6 | G14: 1 | H14: =IF(E14="",1,0) -> 1 | I14: 714.6 | J14: =+D14 -> 43327 | K14: 0000776 | L14: FINANCE
A15: CH | B15: BSA | C15: 00006464 | D15: 43327 | F15: =SUM(I15*G15) -> 1130.544 | G15: 1 | H15: =IF(E15="",1,0) -> 1 | I15: 1130.544 | J15: =+D15 -> 43327 | K15: 0000779 | L15: FINANCE
A16: CH | B16: STE LOTFI KACEM ET CIE | C16: 00006331 | D16: 43277 | E16: 43329 | F16: =SUM(I16*G16) -> 2919.135 | G16: 1 | H16: =IF(E16="",1,0) -> 0 | I16: 2919.135 | J16: =D16 -> 43277 | K16: 0000713
A17: CH | B17: STE LOTFI KACEM ET CIE | C17: 00006389 | D17: 43294 | E17: 43329 | F17: =SUM(I17*G17) -> 253.556 | G17: 1 | H17: =IF(E17="",1,0) -> 0 | I17: 253.556 | J17: =D17 -> 43294 | K17: 0000741
A18: CH | B18: STE LOTFI KACEM ET CIE | C18: 00006434 | D18: 43314 | E18: 43329 | F18: =SUM(I18*G18) -> 1757.57 | G18: 1 | H18: =IF(E18="",1,0) -> 0 | I18: 1757.57 | J18: =D18 -> 43314 | K18: 0000763
A19: CH | B19: GLOBAL NET | C19: 00006388 | D19: 43294 | E19: 43318 | F19: =SUM(I19*G19) -> 1976.717 | G19: 1 | H19: =IF(E19="",1,0) -> 0 | I19: 1976.717 | J19: 43317 | K19: 0000740
A20: CH | B20: S. T. E. G. | C20: 00006462 | D20: 43327 | E20: 43328 | F20: =SUM(I20*G20) -> 1852 | G20: 1 | H20: =IF(E20="",1,0) -> 0 | I20: 1852 | J20: =+D20 -> 43327 | K20: 0000777
A21: CH | B21: STE LOTFI KACEM ET CIE | C21: 00006463 | D21: 43327 | E21: 43329 | F21: =SUM(I21*G21) -> 1731.062 | G21: 1 | H21: =IF(E21="",1,0) -> 0 | I21: 1731.062 | J21: =+D21 -> 43327 | K21: 0000778
A22: TR | B22: STE NOUVELLE DES ACC NOUR | C22: 00006344 | D22: 43283 | E22: 43301 | F22: =SUM(I22*G22) -> 75000 | G22: 1 | H22: =IF(E22="",1,0) -> 0 | I22: 75000 | J22: 43332 | K22: TR00388
A23: TR | B23: STA NOUR | C23: 00006350 | D23: 43283 | E23: 43301 | F23: =SUM(I23*G23) -> 25000 | G23: 1 | H23: =IF(E23="",1,0) -> 0 | I23: 25000 | J23: 43332 | K23: TR00394
A24: TR | B24: STE NOUVELLE DES ACC NOUR | C24: 00006345 | D24: 43283 | E24: 43301 | F24: =SUM(I24*G24) -> 75000 | G24: 1 | H24: =IF(E24="",1,0) -> 0 | I24: 75000 | J24: 43353 | K24: TR00389
A25: TR | B25: STA NOUR | C25: 00006351 | D25: 43283 | E25: 43301 | F25: =SUM(I25*G25) -> 25000 | G25: 1 | H25: =IF(E25="",1,0) -> 0 | I25: 25000 | J25: 43353 | K25: TR00395
A26: TR | B26: STE NOUVELLE DES ACC NOUR | C26: 00006346 | D26: 43283 | E26: 43301 | F26: =SUM(I26*G26) -> 75000 | G26: 1 | H26: =IF(E26="",1,0) -> 0 | I26: 75000 | J26: 43363 | K26: TR00390
A27: TR | B27: STA NOUR | C27: 00006352 | D27: 43283 | E27: 43301 | F27: =SUM(I27*G27) -> 25000 | G27: 1 | H27: =IF(E27="",1,0) -> 0 | I27: 25000 | J27: 43363 | K27: TR00396
A28: TR | B28: STE NOUVELLE DES ACC NOUR | C28: 00006347 | D28: 43283 | E28: 43301 | F28: =SUM(I28*G28) -> 75000 | G28: 1 | H28: =IF(E28="",1,0) -> 0 | I28: 75000 | J28: 43383 | K28: TR00391
A29: TR | B29: STA NOUR | C29: 00006353 | D29: 43283 | E29: 43301 | F29: =SUM(I29*G29) -> 25000 | G29: 1 | H29: =IF(E29="",1,0) -> 0 | I29: 25000 | J29: 43383 | K29: TR00397
A30: TR | B30: STE NOUVELLE DES ACC NOUR | C30: 00006348 | D30: 43283 | E30: 43301 | F30: =SUM(I30*G30) -> 75000 | G30: 1 | H30: =IF(E30="",1,0) -> 0 | I30: 75000 | J30: 43393 | K30: TR00392
A31: TR | B31: STA NOUR | C31: 00006354 | D31: 43283 | E31: 43301 | F31: =SUM(I31*G31) -> 25000 | G31: 1 | H31: =IF(E31="",1,0) -> 0 | I31: 25000 | J31: 43393 | K31: TR00398

Sheet TIP
A1: TYPE | B1: DESIGN | C1: OP N° | D1: DATE-OP | E1: DATE-RECU | F1: MT OUV | G1: REG | I1: MT | J1: Échéance | K1: N° CHQ | L1: STATUT
A2: CH | B2: COGEFO | C2: 00000277 | D2: 43276 | F2: =SUM(I2*G2) -> 421.971 | G2: 1 | H2: =IF(E2="",1,0) -> 1 | I2: 421.971 | J2: =D2 -> 43276 | K2: 0000259 | L2: FINANCE
A3: CH | B3: SFAXIEN INDUSTRI.AUTOMOBILE | C3: 00000288 | D3: 43287 | F3: =SUM(I3*G3) -> 532.613 | G3: 1 | H3: =IF(E3="",1,0) -> 1 | I3: 532.613 | J3: =D3 -> 43287 | K3: 0000267 | L3: FINANCE
A4: CH | B4: 2RE | C4: 00000292 | D4: 43293 | F4: =SUM(I4*G4) -> 409.486 | G4: 1 | H4: =IF(E4="",1,0) -> 1 | I4: 409.486 | J4: =D4 -> 43293 | K4: 0000271 | L4: FINANCE
A5: CH | B5: COGEFO | C5: 00000291 | D5: 43293 | F5: =SUM(I5*G5) -> 388.005 | G5: 1 | H5: =IF(E5="",1,0) -> 1 | I5: 388.005 | J5: =D5 -> 43293 | K5: 0000270 | L5: FINANCE
A6: CH | B6: SOCOOPEC | C6: 00000261 | D6: 43243 | E6: 43329 | F6: =SUM(I6*G6) -> 843.64 | G6: 1 | H6: =IF(E6="",1,0) -> 0 | I6: 843.64 | J6: =D6 -> 43243 | K6: 0000249
A7: CH | B7: SOCOOPEC | C7: 00000279 | D7: 43276 | E7: 43329 | F7: =SUM(I7*G7) -> 278.332 | G7: 1 | H7: =IF(E7="",1,0) -> 0 | I7: 278.332 | J7: =D7 -> 43276 | K7: 0000260
A8: TR | B8: MODELEC | C8: 00000301 | D8: 43304 | E8: 43327 | F8: =SUM(I8*G8) -> 517.518 | G8: 1 | H8: =IF(E8="",1,0) -> 0 | I8: 517.518 | J8: 43317 | K8: TR00035
A9: TR | B9: PROSID | C9: 00000299 | D9: 43304 | E9: 43322 | F9: =SUM(I9*G9) -> 1010.798 | G9: 1 | H9: =IF(E9="",1,0) -> 0 | I9: 1010.798 | J9: 43342 | K9: TR00034
A10: TR | B10: PROSID | C10: 00000311 | D10: 43312 | E10: 43322 | F10: =SUM(I10*G10) -> 6147.984 | G10: 1 | H10: =IF(E10="",1,0) -> 0 | I10: 6147.984 | J10: 43342 | K10: TR00044
A11: TR | B11: EQUIPEMENT MODERNE INDUSTRIE | C11: 00000302 | D11: 43305 | E11: 43307 | F11: =SUM(I11*G11) -> 284.415 | G11: 1 | H11: =IF(E11="",1,0) -> 0 | I11: 284.415 | J11: 43342 | K11: TR00036
A12: TR | B12: SOTUFLEX | C12: 00000304 | D12: 43305 | E12: 43307 | F12: =SUM(I12*G12) -> 124.836 | G12: 1 | H12: =IF(E12="",1,0) -> 0 | I12: 124.836 | J12: 43342 | K12: TR00037
A13: TR | B13: PROSID | C13: 00000268 | D13: 43250 | E13: 43267 | F13: =SUM(I13*G13) -> 30489.879 | G13: 1 | H13: =IF(E13="",1,0) -> 0 | I13: 30489.879 | J13: 43343 | K13: TR00031
A14: TR | B14: NORD INDUSTRIE | C14: 00000310 | D14: 43311 | E14: 43322 | F14: =SUM(I14*G14) -> 411.15 | G14: 1 | H14: =IF(E14="",1,0) -> 0 | I14: 411.15 | J14: 43368 | K14: TR00043
A15: TR | B15: PROSID | C15: 00000312 | D15: 43312 | E15: 43322 | F15: =SUM(I15*G15) -> 14775 | G15: 1 | H15: =IF(E15="",1,0) -> 0 | I15: 14775 | J15: 43419 | K15: TR00045
A16: TR | B16: PROSID | C16: 00000313 | D16: 43312 | E16: 43322 | F16: =SUM(I16*G16) -> 14775 | G16: 1 | H16: =IF(E16="",1,0) -> 0 | I16: 14775 | J16: 43434 | K16: TR00046
A17: TR | B17: PROSID | C17: 00000317 | D17: 43313 | E17: 43322 | F17: =SUM(I17*G17) -> 16867.731 | G17: 1 | H17: =IF(E17="",1,0) -> 0 | I17: 16867.731 | J17: 43449 | K17: TR00047

Sheet HEMP
A2: HEMPE | B2: EUR | C2: 335000 | D2: 42898 | E2: 71000
D3: 42927 | E3: 40000
D4: 43004 | E4: 15000
D5: 43006 | E5: 16000
D6: 43020 | E6: 25000
D7: 43208 | E7: 45000
A8: HEMPE | B8: EUR | C8: =65000 -> 65000 | D8: 43189 | E8: 59500
A10: HEMPE | B10: EUR | C10: =14477.06+837.73 -> 15314.79
A11: TOTAL | C11: =SUM(C2:C10) -> 415314.79 | E11: =SUM(E2:E10) -> 271500
A13: SNA
A14: CLIENT | B14: Facture | H14: MCNE | K14: REGLEMENT | M14: DIFFERENCE
B15: Numéro | C15: Date | D15: DEV | E15: MONTANT | F15: TND | G15: Échéance | H15: Montant | I15: DATE MEP | J15: ECHEANCE | K15: Montant | L15: Date | N15: Allemagne | P15: Difference
A16: BATTERIEDIENST | B16: FN180005 | C16: 43147 | D16: EUR | E16: 73120.64 | F16: =+E16*2.9473 -> 215508.46 | G16: =+C16+60 -> 43207 | K16: 70000 | M16: =E16-K16 -> 3120.64 | N16: 95143.04 | P16: =E16-N16 -> -22022.4
A17: NOURAKKUMULATOREN | B17: FN180008 | C17: 43174 | D17: EUR | E17: 74078.35 | F17: =+E17*2.9419 -> 217931.1 | G17: =+C17+60 -> 43234 | M17: =E17-K17 -> 74078.35 | N17: 89078.35 | P17: =E17-N17 -> -15000
A18: NOURAKKUMULATOREN | B18: FN180016 | C18: 43213 | D18: EUR | E18: 70110.52 | F18: =+E18*2.95395 -> 207102.97 | G18: =+C18+60 -> 43273 | M18: =E18-K18 -> 70110.52 | N18: 80110.51 | P18: =E18-N18 -> -9999.99
A19: NOURAKKUMULATOREN | B19: FN180020 | C19: 43235 | D19: EUR | E19: 59539.5 | F19: =E19*2.97945 -> 177394.96 | G19: =+C19+60 -> 43295 | M19: =E19-K19 -> 59539.5
A20: NOURAKKUMULATOREN | B20: FN180021 | C20: 43243 | D20: EUR | E20: 64244.86 | F20: =+E20*2.97525 -> 191144.52 | G20: =+C20+60 -> 43303 | M20: =E20-K20 -> 64244.86
A21: NOURAKKUMULATOREN | B21: FN180025 | C21: 43262 | D21: EUR | E21: 62886.3 | F21: 189416.68 | G21: 43322 | M21: 62886.3
A22: NOURAKKUMULATOREN | B22: FN180031 | C22: 43291 | D22: EUR | E22: 70446.11 | F22: 216417.49 | G22: 43351 | M22: 70446.11
A26: HEMPE
A27: CLIENT | B27: Facture | H27: MCNE | K27: REGLEMENT | M27: DIFFERENCE
B28: Numéro | C28: Date | D28: DEV | E28: MONTANT | F28: TND | G28: Échéance | H28: Montant | I28: DATE MEP | J28: ECHEANCE | K28: Montant | L28: Date
A29: HEMPE | B29: FH170006 | C29: 42965 | D29: EUR | E29: 15050 | F29: =+E29*2.80865 -> 42270.183 | G29: =+C29+60 -> 43025 | M29: =E29-K29 -> 15050
A30: HEMPE | B30: FH170007 | C30: 42977 | D30: EUR | E30: 30250 | F30: =+E30*2.889 -> 87392.25 | G30: =+C30+60 -> 43037 | M30: =E30-K30 -> 30250
A31: HEMPE | B31: FH170009 | C31: 42992 | D31: EUR | E31: 34946.27 | F31: =+E31*2.899 -> 101309.24 | G31: =+C31+60 -> 43052 | M31: =E31-K31 -> 34946.27
A32: HEMPE | B32: FH170010 | C32: 43006 | D32: EUR | E32: 44550 | F32: =+E32*2.893 -> 128883.15 | G32: =+C32+60 -> 43066 | M32: =E32-K32 -> 44550
A33: HEMPE | B33: FH170011 | C33: 43019 | D33: EUR | E33: 27337.5 | F33: =+E33*2.9093 -> 79532.989 | G33: =+C33+60 -> 43079 | M33: =E33-K33 -> 27337.5
A34: HEMPE | B34: FH170012 | C34: 43034 | D34: EUR | E34: 15386.35 | F34: =+E34*2.9096 -> 44768.124 | G34: =+C34+60 -> 43094 | M34: =E34-K34 -> 15386.35
B37: EURO
A38: BATTERIEDIENST | B38: =M16 -> 3120.64
A39: NOUR Allemagne | B39: =+E17+E18+E19+E20+E21+E22 -> 401305.64
A40: HEMPE | B40: =M29+M30+M31+M32+M33+M34 -> 167520.12
B41: =SUM(B38:B40) -> 571946.4

Sheet Feuil1
A1: GHEDIFI
A2: 43278 | B2: CRASSE | C2: KG | D2: 32800 | E2: 1.45 | F2: =+D2*E2 -> 47560 | G2: =+F2*0.19 -> 9036.4 | H2: =+F2+G2 -> 56596.4
A4: 43328 | B4: CRASSE | C4: KG | D4: 32860 | E4: 1.45 | F4: =+D4*E4 -> 47647 | G4: =+F4*0.19 -> 9052.93 | H4: =+F4+G4 -> 56699.93
A6: 43287 | B6: DECHET BATTERIE | C6: KG | D6: 43160 | E6: 1.7 | F6: =+D6*E6 -> 73372 | G6: =+F6*0.19 -> 13940.68 | H6: =+F6+G6 -> 87312.68
A8: 43328 | B8: DECHET BATTERIE | C8: KG | D8: 37100 | E8: 1.7 | F8: =+D8*E8 -> 63070 | G8: =+F8*0.19 -> 11983.3 | H8: =+F8+G8 -> 75053.3
A10: 43297 | B10: ETAIN | C10: KG | D10: 2423 | E10: 33 | F10: =+D10*E10 -> 79959 | G10: =+F10*0.19 -> 15192.21 | H10: =+F10+G10 -> 95151.21
A12: 43315 | B12: ETAIN | C12: KG | D12: 2926 | E12: 33 | F12: =+D12*E12 -> 96558 | G12: =+F12*0.19 -> 18346.02 | H12: =+F12+G12 -> 114904.02
A13: 43326 | B13: ETAIN | C13: KG | D13: 2006 | E13: 33 | F13: =+D13*E13 -> 66198 | G13: =+F13*0.19 -> 12577.62 | H13: =+F13+G13 -> 78775.62
A14: VALDEC
A15: 43297 | B15: PLOMB | C15: KG | D15: 2559 | E15: 4.4 | F15: =+D15*E15 -> 11259.6 | G15: =+F15*0.19 -> 2139.324 | H15: =+F15+G15 -> 13398.924
A16: 43304 | B16: PLOMB | C16: KG | D16: 6341 | E16: 4.4 | F16: =+D16*E16 -> 27900.4 | G16: =+F16*0.19 -> 5301.076 | H16: =+F16+G16 -> 33201.476
A17: 43307 | B17: PLOMB | C17: KG | D17: 3011 | E17: 4.4 | F17: =+D17*E17 -> 13248.4 | G17: =+F17*0.19 -> 2517.196 | H17: =+F17+G17 -> 15765.596
A18: 43308 | B18: PLOMB | C18: KG | D18: 4455 | E18: 4.4 | F18: =+D18*E18 -> 19602 | G18: =+F18*0.19 -> 3724.38 | H18: =+F18+G18 -> 23326.38
A20: 43315 | B20: PLOMB | C20: KG | D20: 5677 | E20: 4.4 | F20: =+D20*E20 -> 24978.8 | G20: =+F20*0.19 -> 4745.972 | H20: =+F20+G20 -> 29724.772
A21: 43320 | B21: PLOMB | C21: KG | D21: 1289 | E21: 4.4 | F21: =+D21*E21 -> 5671.6 | G21: =+F21*0.19 -> 1077.604 | H21: =+F21+G21 -> 6749.204
A22: 43325 | B22: PLOMB | C22: KG | D22: 4241 | E22: 4.4 | F22: =+D22*E22 -> 18660.4 | G22: =+F22*0.19 -> 3545.476 | H22: =+F22+G22 -> 22205.876
A23: 43326 | B23: PLOMB | C23: KG | D23: 5530 | E23: 4.4 | F23: =+D23*E23 -> 24332 | G23: =+F23*0.19 -> 4623.08 | H23: =+F23+G23 -> 28955.08
A24: 43328 | B24: PLOMB | C24: KG | D24: 2022 | E24: 4.4 | F24: =+D24*E24 -> 8896.8 | G24: =+F24*0.19 -> 1690.392 | H24: =+F24+G24 -> 10587.192
A25: 43329 | B25: PLOMB | C25: KG | D25: 1870 | E25: 4.4 | F25: =+D25*E25 -> 8228 | G25: =+F25*0.19 -> 1563.32 | H25: =+F25+G25 -> 9791.32
A26: 43329 | B26: PLOMB | C26: KG | D26: =763+1170+712+967+742+330 -> 4684 | E26: 4.4 | F26: =+D26*E26 -> 20609.6 | G26: =+F26*0.19 -> 3915.824 | H26: =+F26+G26 -> 24525.424
A27: 43330 | B27: PLOMB | C27: KG | D27: 1798 | E27: 4.4 | F27: =+D27*E27 -> 7911.2 | G27: =+F27*0.19 -> 1503.128 | H27: =+F27+G27 -> 9414.328
A28: 43332 | B28: PLOMB | C28: KG | D28: 7540 | E28: 4.4 | F28: =+D28*E28 -> 33176 | G28: =+F28*0.19 -> 6303.44 | H28: =+F28+G28 -> 39479.44
A29: 43342 | B29: PLOMB | C29: KG | D29: 2072 | E29: 4.4 | F29: =+D29*E29 -> 9116.8 | G29: =+F29*0.19 -> 1732.192 | H29: =+F29+G29 -> 10848.992
A30: 43343 | B30: PLOMB | C30: KG | D30: 8257 | E30: 4.4 | F30: =+D30*E30 -> 36330.8 | G30: =+F30*0.19 -> 6902.852 | H30: =+F30+G30 -> 43233.652
A31: 43348 | B31: PLOMB | C31: KG | D31: 6927 | E31: 4.4 | F31: =+D31*E31 -> 30478.8 | G31: =+F31*0.19 -> 5790.972 | H31: =+F31+G31 -> 36269.772
